Workbook

Sheet OFERTA ECONOMICA
A1: PRESUPUESTO DE OBRA
A3: REALIZAR OBRAS DE MANTENIMIENTO Y MEJORAMIENTO DE LA INFRAESTRUCTURA EDUCATIVA DEL MUNICIPIO DE ENVIGADO ETAPA 2, EN CUMPLIMIENTO AL ACTA DE EJECUCIÓN N°3 DEL CONVENIO INTERADMINISTRATIVO ENV-09-09-1418-24.
A5: ITEM | B5: DESCRIPCION | C5: UNIDAD | D5: CANTIDAD | E5: VALOR UNITARIO | F5: VALOR TOTAL
A6: 1 | B6: MANTENIMIENTO A DIFERENTES INSTITUCIONES EDUCATIVAS DEL MUNICIPIO DE ENVIGADO | F6: =+F7+F14+F16+F20+F18+F27+F31+F39+F42+F47 -> 0
A7: 1.1 | B7: ACTIVIDADES PRELIMINARES | F7: =SUM(F8:F13) -> 0
A8: 1.1.1 | B8: Instalación de CERRAMIENTO PROVISIONAL en tela verde polietileno de alta densidad y resistencia 65 gr/m2 con una altura de 2,10 m, estacones de madera común para fijación vertical de altura de 2,50 m puesto mínimo cada 2,0 m y para apuntalamiento mínimo cada 10 m y cada cambio de dirección, arranques y terminación, diámetro aproximado 0,10 m, elementos de fijación, Incluye: suministro, transporte, instalación, excavación, concreto de fundación preparado en Obra de 17.5 Mpa - 2500 psi, diámetro aproximado 0,30 m y profundidad aproximada 0,50 m, cable o alambre tensor parte inferior y superior horizontal, mantenimiento, desmonte y todos los demás elementos necesarios para su correcta instalación y operación. cargue transporte y botada de material sobrante en botaderos oficiales. | C8: m | D8: 70
A9: 1.1.2 | B9: Demolición de enchapes y/o revoques. Incluye demolición del mortero de nivelación espesor máximo 0.03 m, el transporte interno hasta el sitio de acopio que indique la interventoría y/o la botada del material hasta el botadero oficial autorizado. Incluye andamios certificados, equipos de seguridad, empacada de escombros en costales, cargue, transporte y botada de escombros en botaderos oficiales, transporte hasta el sitio que lo indique la supervisión. | C9: m2 | D9: 15
A10: 1.1.3 | B10: Demolición piso en cerámica, incluye la demolición del mortero de pega. sobre terreno. cargue, transporte y botada de escombros, incluye demolición del mortero de nivelación espesor máximo 0.07m, refuerzo e instalaciones embebidas. además recuperación de los materiales aprovechables o su transporte hasta el sitio que lo indique la interventoría. | C10: m2 | D10: 35
A11: 1.1.4 | B11: Desmonte y retiro de cubierta existente en mal estado (teja metálica y/o aluminio, policarbonato, asbesto cemento o similar) incluye el traslado del material al sitio donde indique la interventoría y/o su disposición final. Medido a cinta pegada sobre pendiente. No incluye el retiro de la estructura de soporte. | C11: m2 | D11: 18
A12: 1.1.5 | B12: Retiro de ruanas en mal estado. Incluye transporte interno al sitio de acopio para el cargue. | C12: m | D12: 120
A13: 1.1.6 | B13: Retiro de canoas en mal estado. Incluye transporte interno al sitio de acopio para el cargue. | C13: m | D13: 70
A14: 1.2 | B14: EXCAVACIONES | F14: =SUM(F15:F15) -> 0
A15: 1.2.1 | B15: Excavación manual de material heterogéneo hasta 2m de profunidad., bajo cualquier grado de humedad. Incluye: roca descompuesta, bolas de roca de volumen inferior a 0.5 m³., incluye botada, cargue y transporte interno y su medida será en el sitio. No incluye entibado. | C15: m3 | D15: 9
A16: 1.3 | B16: CONCRETOS | F16: =SUM(F17:F17) -> 0
A17: 1.3.1 | B17: Construcción de placa contrapiso en concreto de 21 MPa. con espesor de 0.15m. Adicionado con fibra nikon e impermeabilizante integral tipo Plastocrete Dm o equivalente calidad. Incluye suministro, transporte y colocación del concreto, formaleta, vibrado, protección, curado y todos los demás elementos necesarios para su correcta construcción. El entresuelo y el acero de refuerzo se pagará en su respectivo ítem. | C17: m2 | D17: 25
A18: 1.4 | B18: ACEROS DE REFUERZO Y ESTRUCTURA METÁLICA | F18: =SUM(F19:F19) -> 0
A19: 1.4.1 | B19: Suministro, transporte e instalación de malla electrosoldada tipo D84. Incluye el suministro y el transporte del material y todos los elementos necesarios para su correcta colocación. | C19: m2 | D19: 41
A20: 1.5 | B20: MAMPOSTERIAS, REVOQUES, ESTUCOS Y PINTURAS | F20: =SUM(F21:F26) -> 0
A21: 1.5.1 | B21: Revoque impermeabilizado 1:4:0,25 (cemento, arena, cal hidraulica) para muros exteriores hasta 4,50 m. muros baños. Incluye: Sika 1 o similar, ranuras, filetes, dilataciones y fajas. | C21: m2 | D21: 40
A22: 1.5.2 | B22: Suministro, transporte y colocación de estuco acrílico profesional para interiores sobre muros y cielos revocados, 2 manos mínimo hasta obtener una superficie pareja y homogénea. Incluye ranuras, filetes, dilataciones y todos los elementos necesarios para su correcta aplicación y funcionamiento. Trabajos en altura hasta 5.0 m. Incluye personal y andamios certificados para trabajos en alturas. | C22: m2 | D22: 120
A23: 1.5.3 | B23: Aplicación de pintura a base de agua en muros y cielos, con vinilo tipo 1 de primera calidad sobre muros revocados y/o estucados, tres manos o las necesarias hasta obtener una superficie pareja y homogénea. incluye suministro y transporte de los materiales, resanes, tapa poros en estuco plástico tipo plastestuco o equivalente diluido en agua proporción 1:2, adecuación de la superficie a intervenir hasta obtener una superficie pareja y homogénea, color a definir según aprobación de la supervisión. Trabajos en altura hasta 3.0 m. Incluye personal y andamios certificados para trabajos en alturas. | C23: m2 | D23: 168
A24: 1.5.4 | B24: Suministro, transporte y aplicación en exteriores de pintura vinilo tipo exterior Koraza profesional o similar en muros y columnas, en color requerido por diseño o especificación del proyecto; de acuerdo a especificación técnica del fabricante, en preparación de superficie, preparación del producto y aplicación en tres manos para obtener una superficie pareja y homogénea. Incluye andamiaje y todos los elementos necesarios para su correcta aplicación. Trabajos en altura hasta 3.0 m. Incluye personal y andamios certificados para trabajos en alturas. | C24: m2 | D24: 260
A25: 1.5.5 | B25: Resane de grietas con sellador elástico pintable para fisuras. Tipo Sika Sello Pintores Sika Flex o similar. | C25: m | D25: 60
A26: 1.5.6 | B26: Rasqueteado sobre muros. Incluye botada de material, personal y andamios certificados para trabajos en alturas. | C26: m2 | D26: 96
A27: 1.6 | B27: INSTALACIONES HIDROSANITARIAS | F27: =SUM(F28:F30) -> 0
A28: 1.6.1 | B28: Suministro, transporte e instalación de abrazaderas de diàmetros 2", 3" y 4" para fijación de tuberías. Incluye retiro de la existente, chazos , tornillos y todos los elementos necesarios para su correcta instalación. | C28: un | D28: 55
A29: 1.6.2 | B29: Suministro y colocación de tubería PVC Ø = 4" para bajantes de aguas lluvias . Incluye: accesorios, abrazaderas con empaque de caucho y fijación mecánica, limpiador y soldadura, y pintura abase de aceite (de uso esxterior) para acabado final , color a definir por la interventoria. | C29: m | D29: 35
A30: 1.6.3 | B30: Limpieza, lavado y desobstrucción de cárcamo y tuberías de desagües de aguas lluvias existentes, con equipo mecánico o manual, incluye mangueras, sondas flexibles y herramienta menor, el retiro y reinstalación de tapas y rejillas, la recolección y botada del material extraído. (desobstrucción de cajas, redes ALL y AR , tuberias y lavado de estructura metalica cancha y graderias) | C30: un | D30: 3
A31: 1.7 | B31: ESTRUCTURA METÁLICA Y CUBIERTA | F31: =SUM(F32:F38) -> 0
A32: 1.7.1 | B32: Suministro, transporte y colocación de cubierta en teja sin traslapo en acero galvanizado tipo Standing Seam de Acesco o equivalente, de 11/2" (38.1 mm.), calibre 26, sistema sencillo. Incluye Clips de fijación, tornillos y todo lo necesario para su correcta instalación y funcionamiento. Según diseño de cubierta. Incluye personal y andamios certificados para trabajos en alturas. | C32: m2 | D32: 65
A33: 1.7.2 | B33: Mantenimiento de techo en teja de barro, incluye: retiro de tejas en un 100 %, retiro de impermeabilización en un 100 %, retiro de tablilla en un 100 %, retiro de alfardas en un 27 %; suministro y colocación de alfardas de 2" x 5", suministro y colocación de tablilla de pino en un 100 %, suministro y colocación de impermeabilización con fieltro Permofit en un 100 %, suministro y reemplazo de tejas de barro hasta un máximo de 20% donde sea necesario y cargue y botada de escombros | C33: m2 | D33: 355
A34: 1.7.3 | B34: Suministro, transporte y colocación de canoa en lámina galvanizada calibre 24, moldurada desarrollo 0,70 m. incluye embudo galvanizado calibre 16 y codo galvanizado calibre 26 aproximadamente cada 5 m., pintura anticorrosiva, esmalte base aceite y todos los elementos necesarios para su correcta instalación. Incluye personal y andamios certificados para trabajos en alturas. | C34: m | D34: 86
A35: 1.7.4 | B35: Mantenimiento de canoas: Incluye: limpeza, cargue y botada de escombros ,pintura anticorrosivo y pintura base de aceite y soldaduras donde se necesario. | C35: m | D35: 91
A36: 1.7.5 | B36: Suministro, transporte y colocación de ruana en lámina galvanizada calibre 24, desarrollo 55 cm. Incluye pintura anticorrosiva y a base de aceite, pestaña de 5 cm, y todos los elementos necesarios para su correcta construcción. Según diseño de cubierta. Incluye personal y andamios certificados para trabajos en alturas. | C36: m | D36: 94
A37: 1.7.6 | B37: Mantenimiento de cubiertas metálicas, Incluye el barrido y retiro de basuras en la parte interna entre cubierta y cielo falso. y en la parte exterior se realizará el lavado con agua y champú neutro, cambio de sellos, recuperación y reposición de grafes en general; Y todos los elementos necesarios para la correcta ejecución de la actividad. Trabajos en alturas mayores a 10 mts. Incluye personal certificado para trabajos en alturas. | C37: m2 | D37: 167.8
A38: 1.7.7 | B38: Mantenimiento y reparación bajantes de cualquier diametro: Incluye revisión de cada bajante, limpieza, reparación y empalme, pintura y fijación. | C38: m | D38: 104
A39: 1.8 | B39: PISOS | F39: =SUM(F40:F41) -> 0
A40: 1.8.1 | B40: Reparación de piso en baldosa en ceramica existente, incluye demolición de mortero, recorte, colocación y lechada de baldosa, transporte interno hasta sitio de acopio. | C40: m2 | D40: 64
A41: 1.8.2 | B41: Construcción de Mortero 1:4, espesor 5cm, para nivelación de pisos. Incluye todos los elementos para su correcta construcción y funcionamiento. | C41: m2 | D41: 77
A42: 1.9 | B42: OBRAS VARIAS | F42: =SUM(F43:F46) -> 0
A43: 1.9.1 | B43: Suministro , transporte y instalación de lagrimal prefabricado en concreto de 21mpa , espesor= 0.25 m, longitud 0.50m, incluye: cortagotera, mortero de pega impermebailizado , andamios certificados, equipo de trabajo en alturas (PRECIO PROYECTADO - PENDIENTE ELABORACIÓN APU) | C43: m | D43: 60
A44: 1.9.2 | B44: Suministro, transporte y colocación de base granular de máximo Ø 1½", aplicación manual, para estructura de andenes, escalas o parcheos de pavimento, compactada con canguro, incluye el transporte interno de materiales y todo lo necesario para su correcta colocación y funcionamiento Su medida será tomada en sitio ya compactado (PRECIO PROYECTADO - PENDIENTE ELABORACIÓN APU) | C44: m3 | D44: 4
A45: 1.9.3 | B45: Retiro de ventiladores existentes | C45: un | D45: 4
A46: 1.9.4 | B46: Suministro, transporte e instalación de piso en gres 30x30, incluye todo lo necesario para su correcta construcción. | C46: m2 | D46: 20
A47: 1.1 | B47: INSTALACIONES ELECTRICAS | F47: =SUM(F48:F54) -> 0
A48: 1.10.1 | B48: Suministro e instalación de caja 20x20 con tomacorriente doble en tuberías EMT 1", incluyendo todos los elementos y accesorios necesarios para garantizar una instalación segura y funcional. | C48: un | D48: 10
A49: 1.10.2 | B49: Suministro e instalación de caja 20x20 con tomacorriente doble en tuberías EMT 1 1⁄2", incluyendo todos los elementos y accesorios necesarios para garantizar una instalación segura y funcional. | C49: un | D49: 6
A50: 1.10.3 | B50: Suministro e instalación de caja 20x20 con tomacorriente doble en tuberías IMC 1⁄2", incluyendo todos los elementos y accesorios necesarios para garantizar una instalación segura y funcional. | C50: un | D50: 10
A51: 1.10.4 | B51: Suministro e instalación de acometidas eléctricas en cable #8 (circuito extractor) y cable #6 (alimentación de cavas), incluyendo conectores y materiales para garantizar una conexión segura y cumplimiento normativo. | C51: un | D51: 8
A52: 1.10.5 | B52: Adecuación del gabinete general existente, realizando ajustes, reemplazo de piezas y trabajos complementarios para su funcionamiento adecuado. | C52: un | D52: 1
A53: 1.10.6 | B53: Suministro e instalación del sistema de puesta a tierra, incluyendo varilla, conductor y accesorios para garantizar la resistencia exigida. | C53: un | D53: 1
A54: 1.10.7 | B54: Suministro e instalación de caja 20x20 con tomacorriente GFCI en tuberías IMC 1⁄2", incluyendo todos los elementos y accesorios necesarios para garantizar una instalación segura y funcional. | C54: un | D54: 4
A55: 2 | B55: MANTENIMIENTO A DIFERENTES RESTAURANTES ESCOLARES DEL MUNICIPIO DE ENVIGADO | F55: =+F56 -> 0
A56: 2.1 | B56: ACTIVIDADES PRELIMINARES | F56: =SUM(F57:F80) -> 0
A57: 2.1.1 | B57: Retiro de ruanas en mal estado. Incluye transporte interno al sitio de acopio para el cargue. | C57: m | D57: 59.9
A58: 2.1.2 | B58: Cargue manual, transporte y botada de material sobrante de movimientos de tierra, excavaciones, demoliciones y otros retiros. Incluye transportes internos, paleros, derecho de botadero. Se debe hacer en botaderos oficiales autorizados por la entidad competente o hasta el sitio que indique la interventoría. Su medida será en sitio. | C58: m3 | D58: 15
A59: 2.1.3 | B59: Demolición de enchapes, revoques. Incluye demolición del mortero de nivelación espesor máximo 0.03 m, el transporte interno hasta el sitio de acopio que indique la interventoría y/o la botada del material hasta el botadero oficial autorizado. | C59: m2 | D59: 90
A60: 2.1.4 | B60: Desmonte y retiro de remates laterales, frontales y canoas metálicas en mal estado existentes en cubiertas; Incluye el retiro y el traslado del material al sitio donde indique la interventoría y/o su disposición final. Trabajos en alturas mayores a 10 mts. Incluye personal certificado para trabajos en alturas. | C60: m | D60: 50
A61: 2.1.5 | B61: Demolición piso en cerámica, incluye la demolición del mortero de pega. sobre terreno. cargue, transporte y botada de escombros, incluye demolición del mortero de nivelación espesor máximo 0.07m, refuerzo e instalaciones embebidas. además recuperación de los materiales aprovechables o su transporte hasta el sitio que lo indique la interventoría. | C61: m2 | D61: 10
A62: 2.1.6 | B62: Demolición estructuras de concreto de cualquier resistencia, reforzado o ciclópeo, y en cualquier clase de estructura. incluye retiro de refuerzo y cualquier tipo de acabado (revoques y enchapes) o piso (en losas) e instalaciones embebidas, compresor neumático con martillo, además recuperación de los materiales aprovechables o su transporte hasta el sitio que lo indique la interventoría y/o el cargue, transporte y botada de escombros manual o mecánicamente. | C62: m3 | D62: 7
A63: 2.1.7 | B63: Demolición de muros en ladrillo de espesor 15 a 20 cm, en altura superior a 2.50 m. Incluye cortes con medio mecánico hasta 2", andamios y todos los elementos de protección personal requeridos, así como personal certificado cuando se trate de trabajo en alturas, el transporte y la botada del material. | C63: m2 | D63: 14
A64: 2.1.8 | B64: Suministro, transporte y colocación de revoque para muros interiores, mortero 1:4 impermeabilizado con Sika 1 o equivalente. Incluye fajas, ranuras, filetes, y todos los demás elementos necesarios para su correcta construcción. | C64: m2 | D64: 80
A65: 2.1.9 | B65: Aplicación de pintura vinilo tipo exterior Koraza profesional, en cielos o techos de madera en alturas hasta 5.0 m, incluye alfardas, tablilla tablas, en color requerido por diseño o especificación del proyecto; de acuerdo a especificación técnica del fabricante, en preparación de superficie, preparación del producto y aplicación en tres manos para obtener una superficie pareja y homogénea. Incluye andamiaje y todos los elementos necesarios para su correcta aplicación. Trabajos en altura hasta 5.0 m. Incluye personal y andamios certificados para trabajos en alturas. | C65: m2 | D65: 190
A66: 2.1.10 | B66: Aplicación de pintura a base de agua en muros, con vinilo tipo 1 de primera calidad sobre muros revocados y/o estucados, tres manos o las necesarias hasta obtener una superficie pareja y homogénea. incluye suministro y transporte de los materiales, resanes, tapa poros en estuco plástico tipo plastestuco o equivalente diluido en agua proporción 1:2, adecuación de la superficie a intervenir hasta obtener una superficie pareja y homogénea, color a definir según aprobación de la interventoría. Trabajos en altura hasta 3.0 m. Incluye personal y andamios certificados para trabajos en alturas. | C66: m2 | D66: 110
A67: 2.1.11 | B67: Aplicación de pintura a base de agua en cielos, con vinilo tipo 1 de primera calidad sobre muros revocados y/o estucados, tres manos o las necesarias hasta obtener una superficie pareja y homogénea. incluye suministro y transporte de los materiales, resanes, tapa poros en estuco plástico tipo plastestuco o equivalente diluido en agua proporción 1:2, adecuación de la superficie a intervenir hasta obtener una superficie pareja y homogénea, color a definir según aprobación de la interventoría. Para muros y cielos en alturas mayores a 3 m. Incluye personal y andamios certificados para trabajos en alturas. | C67: m2 | D67: 130
A68: 2.1.12 | B68: Matenimiento general de todo tipo de ventanas. Incluye: Desmonte, limpieza, anticorrosivo, pintura tipo esmalte, andamiaje y todos los elementos necesarios para su correcta aplicación y reinstalación final. | C68: un | D68: 35
... A80: 2.1.24 | B80: Suministro, transporte y aplicación de pintura epoxica PINTUCOAT de pintuco para media caña.Incluye preparacion de superficie y resanes | C80: m | D80: 260
A81: 3 | B81: INSTITUCIÓN EDUCATIVA LA MORENA | F81: =+F82+F89+F94 -> 0
A82: 3.1 | B82: MAMPOSTERIAS, REVOQUES, ESTUCOS Y PINTURAS | F82: =SUM(F83:F88) -> 0
A83: 3.1.1 | B83: Suministro, transporte e instalación de malla electrosoldada tipo D84. Incluye el suministro y el transporte del material y todos los elementos necesarios para su correcta colocación. | C83: m2 | D83: 8.5
A84: 3.1.2 | B84: Suministro, transporte y colocación de estuco acrílico profesional para interiores sobre muros y cielos revocados, 2 manos mínimo hasta obtener una superficie pareja y homogénea. Incluye ranuras, filetes, dilataciones y todos los elementos necesarios para su correcta aplicación y funcionamiento. Trabajos en altura hasta 5.0 m. Incluye personal y andamios certificados para trabajos en alturas. (30% del area total de la losa) | C84: m2 | D84: 112
A85: 3.1.3 | B85: Suministro, transporte y aplicación en exteriores de pintura vinilo tipo exterior Koraza profesional o similar en muros y columnas, en color requerido por diseño o especificación del proyecto; de acuerdo a especificación técnica del fabricante, en preparación de superficie, preparación del producto y aplicación en tres manos para obtener una superficie pareja y homogénea. Incluye andamiaje y todos los elementos necesarios para su correcta aplicación. Trabajos en altura hasta 3.0 m. Incluye personal y andamios certificados para trabajos en alturas. (100% del area total de la losa) | C85: m2 | D85: 334
A86: 3.1.4 | B86: Mantenimiento de malla y tableros de baloncesto, incluye pintura e instalacion de aros y malla nueva si es necesario. | C86: un | D86: 2
A87: 3.1.5 | B87: Rasqueteado sobre muros. Incluye botada de material, personal y andamios certificados para trabajos en alturas. | C87: m2 | D87: 110.3
A88: 3.1.6 | B88: Limpieza, lavado y desobstrucción de cárcamo y tuberías de desagües de aguas lluvias existentes, con equipo mecánico o manual, incluye mangueras, sondas flexibles y herramienta menor, el retiro y reinstalación de tapas y rejillas, la recolección y botada del material extraído. (desobstrucción de cajas, redes ALL y AR , tuberias y lavado de estructura metalica cancha y graderias) | C88: un | D88: 12
A89: 3.2 | B89: ESTRUCTURA METÁLICA Y CUBIERTA | F89: =SUM(F90:F93) -> 0
A90: 3.2.1 | B90: Mantenimiento de techo en teja de barro, incluye: retiro de tejas en un 100 %, retiro de impermeabilización en un 100 %, retiro de tablilla en un 100 %, retiro de alfardas en un 27 %; suministro y colocación de alfardas de 2" x 5", suministro y colocación de tablilla de pino en un 100 %, suministro y colocación de impermeabilización con fieltro Permofit en un 100 %, suministro y reemplazo de tejas de barro hasta un máximo de 20% donde sea necesario y cargue y botada de escombros. | C90: m2 | D90: 200
A91: 3.2.2 | B91: Mantenimiento de canoas: Incluye: limpeza, cargue y botada de escombros ,pintura anticorrosivo y pintura base de aceite y soldaduras donde se necesario. | C91: m | D91: 158
A92: 3.2.3 | B92: Suministro, transporte y colocación de ruana en lámina galvanizada calibre 24, desarrollo 55 cm. Incluye pintura anticorrosiva y a base de aceite, pestaña de 5 cm, y todos los elementos necesarios para su correcta construcción. Según diseño de cubierta. Incluye personal y andamios certificados para trabajos en alturas. | C92: m | D92: 96
A93: 3.2.4 | B93: Mantenimiento y reparación bajantes de cualquier diametro: Incluye revisión de cada bajante, limpieza, reparación y empalme, pintura y fijación. | C93: m | D93: 242
A94: 3.3 | B94: OBRAS VARIAS | F94: =SUM(F95:F98) -> 0
A95: 3.3.1 | B95: S.T.I de Champeado para taludes | C95: m2 | D95: 174
A96: 3.3.2 | B96: Reflector LED 400W 6500K de iluminacion potente y eficiente para placa multifuncional | C96: un | D96: 6
A97: 3.3.3 | B97: Llenos con material seleccionado proveniente de las excavaciones, compactados mecánicamente hasta obtener una densidad del 95% de la máxima obtenida en el ensayo del próctor modificado. Incluye el suministro, transportes externo e interno del material y su medida será compactado en sitio. | C97: m3 | D97: 28
A98: 3.3.4 | B98: Impermeabilización con producto cementicio flexible (Terraza sobre ludoteca ) Descarificación y limpieza de piso existente + suministro de instalación de vulken 45 , aplicado en dilataciones y aristas + suministro e instalación de producto cementicio flexible Metic Lastic plus + suministro e instalación de malla alcalina de 160 gramos + suministro e intalación de dos manos de metic lastic plus + suministro e instalación de pintura elastomerica color gris como acabado final. | C98: m2 | D98: 110
A99: COSTO DIRECTO | F99: =F6+F55+F81 -> 0
A100: PORCENTAJE AU | F100: 0.2922
A101: COSTOS INDIRECTOS
A102: TOTAL COSTO DIRECTO + AU | F102: =+F99+F101 -> 0
A104: COSTOS REEMBOLSABLES | F104: =SUM(F105:F109) -> 29747384
A105: Implementación Social (Ver anexo "Subanálisis AU") | F105: =+'Subanalisis AU '!H13 -> 4027350
A106: Implementación Plan de Manejo Ambiental (Ver anexo PMA) | F106: =+'Subanalisis AU '!H89 -> 4601589
A107: Implementación Plan de Manejo de Tránsito (Ver anexo PMT) | F107: =+'Subanalisis AU '!H107 -> 5460838
A108: Implementación SST (Ver anexo "Subanálisis AU") | F108: =+'Subanalisis AU '!H60 -> 10105890
A109: Pólizas (Ver anexo "Póliza") | F109: =+'Póliza '!H24 -> 5551717
A111: COSTO TOTAL
F116: 8.4885061e+08
F119: =+F111-F116 -> -8.4885061e+08
E121: 908044270
E122: =+E121-#REF! -> #REF!

Sheet AU 
A1: ANALISIS DETALLADO ADMINISTRACIÓN
A2: ITEM | B2: DESCRIPCCIÓN | C2: SALARIO BASE | D2: FACTOR PRESTACIONAL | E2: %DEDICACIÒN MENSUAL | F2: DURACION (meses) | G2: CANTIDAD | H2: VALOR TOTAL
A3: 1.0 | B3: PERSONAL PROFESIONAL Y ADMINISTRATIVOS.
A4: 1.1 | B4: Profesionales de Obra Civil
A5: 1.1.1 | B5: Director de Obra (Ingeniero Civil o Arquitecto) | C5: =+'Tabla Salarial '!G16 -> 7879073 | D5: =+'Tabla Salarial '!$C$7 -> 1.582846 | E5: 0.2 | F5: 3 | G5: 1 | H5: =C5*D5*E5*F5*G5 -> 7482815.5
A6: 1.1.2 | B6: Residente de Obra (Ingeniero Civil o Arquitecto) | C6: =+'Tabla Salarial '!G19 -> 5252715 | D6: =+'Tabla Salarial '!$C$7 -> 1.582846 | E6: 1 | F6: =+$F$5 -> 3 | G6: 1 | H6: =C6*D6*E6*F6*G6 -> 24942717
A7: 1.1.3 | B7: Residente Socio Ambiental | C7: =+'Tabla Salarial '!G20 -> 4377263 | D7: =+'Tabla Salarial '!$C$7 -> 1.582846 | E7: 1 | F7: =+$F$5 -> 3 | G7: 1 | H7: =C7*D7*E7*F7*G7 -> 20785600
A8: 1.1.4 | B8: Tecnólogo en seguridad social y salud en el trabajo | C8: ='Tabla Salarial '!G22 -> 3313179 | D8: =+'Tabla Salarial '!$C$7 -> 1.582846 | E8: 1 | F8: =+$F$5 -> 3 | G8: 1 | H8: =C8*D8*E8*F8*G8 -> 15732756
A9: 1.1.5 | B9: Auxiliar de Ingeniería (Ingeniero Civil o Arquitecto) | C9: ='Tabla Salarial '!G22 -> 3313179 | D9: =+'Tabla Salarial '!$C$7 -> 1.582846 | E9: 1 | F9: =+$F$5 -> 3 | G9: 0 | H9: =ROUND((C9*D9*E9*F9*G9),0) -> 0
A10: 2.0 | B10: INSTALACIONES PROVISIONALES, SEÑALIZACIÓN Y SISOMA
A11: 2.1 | B11: Instalaciones provisionales
A12: 2.1.1 | B12: Servicios pùblicos y/o provisionales | C12: 1000000 | E12: 1 | F12: =+$F$5 -> 3 | G12: 0 | H12: =ROUND((C12*E12*F12*G12),0) -> 0
A13: 2.1 | B13: Papelería y Equipos de Oficina
A14: 2.1.1 | B14: Papelería, tinta, fotocopias, copias heliograficas, planos, ploteos, fotografías, maquetas, grabaciones y otros) | C14: 250000 | E14: 1 | F14: =+$F$5 -> 3 | G14: 1 | H14: =+C14*E14*F14*G14 -> 750000
A15: 2.1.2 | B15: Planes celulares | C15: 55000 | E15: 1 | F15: =+$F$5 -> 3 | G15: 1 | H15: =+C15*E15*F15*G15 -> 165000
A16: 2.1.3 | B16: Planos record | C16: 250000 | E16: 1 | F16: 1 | G16: 3 | H16: =+C16*E16*F16*G16 -> 750000
A17: 3.0 | B17: GASTOS FIJOS OFICINA
A18: 3.1 | B18: Gerente | C18: =+'Tabla Salarial '!G16 -> 7879073 | D18: 1.58 | E18: 0.1 | F18: =+$F$5 -> 3 | G18: 1 | H18: =+C18*D18*E18*F18*G18 -> 3734680.6
A19: 3.2 | B19: Asesor contable | C19: ='Tabla Salarial '!C5*1.5 -> 2626357.5 | D19: 1.58 | E19: 0.1 | F19: =+$F$5 -> 3 | G19: 1 | H19: =+C19*D19*E19*F19*G19 -> 1244893.5
A20: 3.4 | B20: Secretaría | C20: =+'Tabla Salarial '!G27 -> 2875453 | D20: 1.58 | E20: 0.1 | F20: =+$F$5 -> 3 | G20: 1 | H20: =+C20*D20*E20*F20*G20 -> 1362964.7
A21: 3.5 | B21: Conductor | C21: =+'Tabla Salarial '!C5+'Tabla Salarial '!C6 -> 2000000 | D21: 1.58 | E21: 0.1 | F21: =+$F$5 -> 3 | G21: 1 | H21: =+C21*D21*E21*F21*G21 -> 948000
A22: 3.6 | B22: Vigilante | C22: =+'Tabla Salarial '!C5+'Tabla Salarial '!C6 -> 2000000 | D22: 1.58 | E22: 0.1 | F22: =+$F$5 -> 3 | G22: 1 | H22: =+C22*D22*E22*F22*G22 -> 948000
A23: 3.7 | B23: Profesional SST | C23: =+'Tabla Salarial '!G20 -> 4377263 | D23: 1.58 | E23: 0.1 | F23: =+$F$5 -> 3 | G23: 1 | H23: =+C23*D23*E23*F23*G23 -> 2074822.7
A24: 3.8 | B24: Pago arriendo | C24: 2000000 | E24: 0.1 | F24: =+$F$5 -> 3 | G24: 1 | H24: =+C24*E24*F24*G24 -> 600000
A25: 3.9 | B25: Pago servicios públicos (Energia, agua y internet) | C25: 1150000 | E25: 0.1 | F25: =+$F$5 -> 3 | G25: 1 | H25: =+C25*E25*F25*G25 -> 345000
A26: 3.10 | B26: Planes celurares | C26: =908526/2 -> 454263 | E26: 0.1 | F26: =+$F$5 -> 3 | G26: 1 | H26: =+C26*E26*F26*G26 -> 136278.9
A27: 3.11 | B27: Papeleria, fotocopias, equipos de computo | C27: 850000 | E27: 0.1 | F27: =+$F$5 -> 3 | G27: 1 | H27: =+C27*E27*F27*G27 -> 255000
A28: 4.0 | B28: IMPUESTOS | F28: Base gravable
A29: 4.1 | B29: Impuesto 4*1000 | E29: 0.002 | F29: 849397759 | H29: =+E29*$F$29 -> 1698795.5
A30: 4.2 | B30: Contribucion especial ley 1106 | E30: 0.05 | F30: 849397759 | H30: =+E30*$F$30 -> 42469888
A31: 4.3 | B31: Tasa pro cultura | E31: 0.005 | F31: 849397759 | H31: =+E31*$F$31 -> 4246988.8
A32: 4.4 | B32: Tasa pro recreacion y deporte | E32: 0.003 | F32: 849397759 | H32: =+E32*$F$32 -> 2548193.3
A33: 4.5 | B33: Estampilla Universidad de Envigado | E33: 0.004 | F33: 849397759 | H33: =+E33*$F$33 -> 3397591
A34: 4.6 | B34: Estampilla Adulto Mayor | E34: 0.02 | F34: 849397759 | H34: =+E34*$F$34 -> 16987955
B35: SUBTOTAL GASTOS ADMINISTRATIVOS | H35: =SUM(H5:H34) -> 1.5360794e+08
B37: VALOR TOTAL COSTOS DIRECTOS DE LA OBRA | H37: =+'OFERTA ECONOMICA'!F99 -> 0
B38: PORCENTAJE ADMINISTRACIÒN. [A] | F38: =H35/H37 -> #DIV/0! | G38: (A) | H38: =+H37*F38 -> #DIV/0!
B39: UTILIDAD. [U] | F39: 0.05 | G39: (U) | H39: =H37*F39 -> 0
B40: SUBTOTAL AU | H40: =+H38+H39 -> #DIV/0!
A41: PORCENTAJE TOTAL A.U. | F41: =F38+F39 -> #DIV/0!
A42: COSTO TOTAL | H42: =+H37+H40 -> #DIV/0!

Sheet Subanalisis AU 
A1: Cálculo del Subanalisis de AU. Gestión Social, Ambiental, Seguridad y Salud en el Trabajo, PMT
A3: 1. COMPONENTE SOCIAL
A4: 1. COMPONENTE SOCIAL | B4: Accion Social | C4: Programa al cual pertenece en el PASAO | D4: Detalle | E4: CANTIDAD | F4: UNIDAD | G4: Valor Unitario | H4: Valor Total
B5: SOCIALIZACION | C5: Programa de participación ciudadana | D5: Reuniones con comunidad inicio,avance y finde obra. Incluye refrigerio,sitio de reunión,silleteria y medio audiovisual requerido. (100 Personas) | E5: 0 | F5: Un | G5: =ROUND((5000*100+350000),0) -> 850000 | H5: =ROUND(E5*G5,0) -> 0
D6: Reuniones y capacitaciones comité ciudadano de obra. Esto incluye refrigerio, sitio de reunión, silleteria y medio audiovisual requerido. | E6: 3 | F6: mes | G6: =ROUND((5000*100+350000),0) -> 850000 | H6: =ROUND(E6*G6,0) -> 2550000
B7: INFORMACION Y DIVULGACION | C7: Programa de información y comunicación a la comunidad | D7: Afiche según manual de imagen | E7: 3 | F7: Un | G7: 35000 | H7: =ROUND(E7*G7,0) -> 105000
D8: Volantes de obra: papel propalcote mate de 90 gramos, impreso por ambas caras a cuatro tintas, refilados, en tamaño media carta | E8: 977 | F8: Un | G8: 550 | H8: =ROUND(E8*G8,0) -> 537350
D9: Buzón PQRS | E9: 3 | F9: Un | G9: 65000 | H9: =ROUND(E9*G9,0) -> 195000
D10: Carteleras informativas: madera o corcho de 1 metro x 90 cms. | E10: 3 | F10: Un | G10: 140000 | H10: =ROUND(E10*G10,0) -> 420000
D11: Papeleria y formatos ( conformacion de AZ con información social del contrato, atención a PQRS, actas de reuniones, etc) | E11: 0 | F11: Global | G11: 500000 | H11: =ROUND(E11*G11,0) -> 0
D12: Pendones institucionales para volquetas. (De 2 x 1 metro) | E12: 2 | F12: Un | G12: 110000 | H12: =ROUND(E12*G12,0) -> 220000
A13: TOTAL COMPONENTE SOCIAL | H13: =SUM(H5:H12) -> 4027350
A15: 2. SEGURIDAD INDUSTRIAL Y SALUD EN EL TRABAJO
A16: 2. SEGURIDAD INDUSTRIAL Y SALUD EN EL TRABAJO | B16: Accion SST | C16: Programa al cual pertenece en el PASAO | D16: Detalle | E16: CANTIDAD | F16: UNIDAD | G16: Valor Unitario | H16: Valor Total
D17: Camilla de Emergencia Polietileno 185x45cm | E17: 3 | F17: Un | G17: 210000 | H17: =ROUND(E17*G17,0) -> 630000
D18: Botiquines para campamentos y Frentes de trabajo 18 Pulg. | E18: 3 | F18: Un | G18: 55184 | H18: =ROUND(E18*G18,0) -> 165552
D19: Botiquin tipo B morral 52x36x13cm ECO | E19: 0 | F19: Un | G19: =159900 -> 159900 | H19: =ROUND(E19*G19,0) -> 0
D20: Suero sales hidratantes | E20: 3 | F20: Caja por 30 | G20: 54000 | H20: =ROUND(E20*G20,0) -> 162000
D21: Insumos botiquines | E21: 0 | F21: Unidades | G21: =226760/2 -> 113380 | H21: =ROUND(E21*G21,0) -> 0
D22: Sirena de alta potencia | E22: 3 | F22: Un | G22: 86400 | H22: =ROUND(E22*G22,0) -> 259200
D23: Juego de ferulas inmovilizadoras | E23: 0 | F23: Un | G23: 320000 | H23: =ROUND(E23*G23,0) -> 0
D24: Extintor de Agente CO2 10 libras | E24: 3 | F24: Un | G24: 81731 | H24: =ROUND(E24*G24,0) -> 245193
D25: Extintor ABC 10 libras | E25: 0 | F25: Un | G25: =ROUND(71000/4,0) -> 17750 | H25: =ROUND(E25*G25,0) -> 0
D26: Recarga extintores | E26: 3 | F26: Un | G26: =18600*1.19 -> 22134 | H26: =ROUND(E26*G26,0) -> 66402
D27: Capacitacion de brigadas de emergencias (15 personas 10% del total del personal) | E27: 0 | F27: Hr | G27: 105900 | H27: =ROUND(E27*G27,0) -> 0
D28: Señalizacion informativa, preventiva y de prohibición laminada o plastificada | E28: 0 | F28: Global | G28: 550000 | H28: =ROUND(E28*G28,0) -> 0
D29: Unidades sanitarias portátiles | E29: 0 | F29: mes | G29: 450000 | H29: =ROUND(E29*G29,0) -> 0
C30: Seguridad Industrial | D30: Chalecos para personal administrativo | E30: 0 | F30: Un | G30: =80000*1.19 -> 95200 | H30: =ROUND(E30*G30,0) -> 0
D31: Chaleco reflectivo naranja para bandereros | E31: 6 | F31: Un | G31: =8700*1.19 -> 10353 | H31: =ROUND(E31*G31,0) -> 62118
D32: Uniformes de obras estampados según manual de imagen | E32: 15 | F32: Un | G32: 60000 | H32: =ROUND(E32*G32,0) -> 900000
D33: Botas de seguridad | E33: 0 | F33: un | G33: =71900*1.19 -> 85561 | H33: =ROUND(E33*G33,0) -> 0
D34: Cascos | E34: 30 | F34: Un | G34: =35800*1.19 -> 42602 | H34: =ROUND(E34*G34,0) -> 1278060
D35: Protectores auditivos tipo inserción | E35: 60 | F35: Un | G35: =1300*1.19 -> 1547 | H35: =ROUND(E35*G35,0) -> 92820
D36: Protector auditivo tipo copa | E36: 2 | F36: Un | G36: =31900*1.19 -> 37961 | H36: =ROUND(E36*G36,0) -> 75922
D37: Monogafas Cirene Cyclops Oscura | E37: 60 | F37: Un | G37: =5000*1.19 -> 5950 | H37: =ROUND(E37*G37,0) -> 357000
D38: Guantes de vaqueta tipo ingeniero | E38: 60 | F38: Un | G38: =13557 -> 13557 | H38: =ROUND(E38*G38,0) -> 813420
D39: Guantes de Nitrilo corto Cal.6 | E39: 60 | F39: Un | G39: =98953/100 -> 989.53 | H39: =ROUND(E39*G39,0) -> 59372
D40: Guantes de Nitrilo largo | E40: 60 | F40: Un | G40: 32900 | H40: =ROUND(E40*G40,0) -> 1974000
D41: Guantes de Caucho calibre 35 | E41: 60 | F41: Un | G41: 8900 | H41: =ROUND(E41*G41,0) -> 534000
D42: Guantes de Nylon | E42: 0 | F42: Un | G42: =5600*1.19 -> 6664 | H42: =ROUND(E42*G42,0) -> 0
D43: Barbuquejos | E43: 60 | F43: Un | G43: =3700*1.19 -> 4403 | H43: =ROUND(E43*G43,0) -> 264180
D44: Mascarilla industrial negra Eco | E44: 60 | F44: Un | G44: =650*1.19 -> 773.5 | H44: =ROUND(E44*G44,0) -> 46410
D45: Mascarilla desechable tipo N95 o equivalente para material particulado | E45: 3 | F45: Un | G45: =5800 -> 5800 | H45: =ROUND(E45*G45,0) -> 17400
D46: Respirador Facial media cara 7500 | E46: 3 | F46: Un | G46: =ROUND(127400/4,0) -> 31850 | H46: =ROUND(E46*G46,0) -> 95550
D47: Filtro respirador 2097 | E47: 0 | F47: Un | G47: =20400*1.19 -> 24276 | H47: =ROUND(E47*G47,0) -> 0
D48: Careta para esmerilar | E48: 0 | F48: Un | G48: =27000*1.19 -> 32130 | H48: =ROUND(E48*G48,0) -> 0
D49: Acrilico para careta de esmerilar | E49: 0 | F49: Un | G49: 15000 | H49: =ROUND(E49*G49,0) -> 0
D50: Impermeable industrial delta T-L HT2 PIEZ | E50: 0 | F50: Un | G50: =40000*1.19 -> 47600 | H50: =ROUND(E50*G50,0) -> 0
D51: Megafono 25w/110v | E51: 0 | F51: Un | G51: =ROUND(205900*1.19/4,0) -> 61255 | H51: =ROUND(E51*G51,0) -> 0
D52: Arnes multiproposito 4 argollas | E52: 3 | F52: Und. | G52: =ROUND(136500/3,0) -> 45500 | H52: =ROUND(E52*G52,0) -> 136500
D53: Eslinga doble en Y sin Absorb. | E53: 3 | F53: Und. | G53: =ROUND(229900/3,0) -> 76633 | H53: =ROUND(E53*G53,0) -> 229899
D54: Eslinga doble en Y con Absorb. | E54: 3 | F54: Un | G54: =ROUND(229900/3,0) -> 76633 | H54: =ROUND(E54*G54,0) -> 229899
D55: Cuerda Linea de vida comercial 13mm x 30 mts | E55: 3 | F55: Un | G55: =ROUND(319000/3,0) -> 106333 | H55: =ROUND(E55*G55,0) -> 318999
D56: Cuerda Linea de vida comercial 13mm x 50 mts | E56: 3 | F56: Un | G56: =ROUND(489000/3,0) -> 163000 | H56: =ROUND(E56*G56,0) -> 489000
D57: Mosquetones | E57: 3 | F57: Un | G57: =84900*1.19 -> 101031 | H57: =ROUND(E57*G57,0) -> 303093
D58: Frenos arrestrador 13mm ojo grande | E58: 3 | F58: Un | G58: =ROUND(299900/3,0) -> 99967 | H58: =ROUND(E58*G58,0) -> 299901
D59: Escalera certificada 3 pasos | E59: 0 | F59: Un | G59: 236536 | H59: =ROUND(E59*G59,0) -> 0
A60: TOTAL SEGURIDAD INDUSTRIAL Y SALUD EN EL TRABAJO | H60: =SUM(H17:H59) -> 10105890
A62: 3. PLAN DE GESTION AMBIENTAL
A63: 3. PLAN DE GESTION AMBIENTAL | B63: Accion Ambiental | C63: Programa al cual pertenece en el PASAO | D63: Detalle | E63: CANTIDAD | F63: UNIDAD | G63: Valor Unitario | H63: Valor Total
B64: MANEJO DE AGUAS SUPERFICIALES (LLUVIAS Y RESIDUALES) | C64: Prevencion de la contaminación de cuerpos de agua y redes de servicio publico | D64: Protección de Sumideros con tela verde | E64: 6 | F64: m2 | G64: 7000 | H64: =ROUND(E64*G64,0) -> 42000
D65: Canecas de 55 galones para disposición de residuos sólidos (no aprovechables, aprovechables y orgánicos) | E65: 3 | F65: Un | G65: =ROUND(135000/3,0) -> 45000 | H65: =ROUND(E65*G65,0) -> 135000
D66: Canecas de 5 galones para disposición de residuos sólidos (oficinas contratista e interventoría y almacén), (no aprovechables, aprovechables y orgánicos) | E66: 3 | F66: Und. | G66: 8500 | H66: =ROUND(E66*G66,0) -> 25500
D67: Punto ecologico de 55 lts de 3 puestos para la separación de residuos (caneca verde, blanca y negra) | E67: 3 | F67: Un | G67: 133381 | H67: =ROUND(E67*G67,0) -> 400143
D68: Bolsas plásticas para los frentes de obra (no aprovechables, aprovechables, orgánicos y peligrosos) | E68: 300 | F68: Un | G68: =ROUND(29900/50,0) -> 598 | H68: =ROUND(E68*G68,0) -> 179400
D69: Recolección de residuos sólidos especiales por parte de una empresa autorizada (m3) | E69: 10 | F69: m3 | G69: 45000 | H69: =ROUND(E69*G69,0) -> 450000
D70: Costales de fibra para la recolección de residuos u otros elementos | E70: 30 | F70: Un | G70: 950 | H70: =ROUND(E70*G70,0) -> 28500
D71: Señalizacion en sitios internos ( señalizacion laminada o plastificada) | E71: 0 | F71: Global | G71: 350000 | H71: =ROUND(E71*G71,0) -> 0
B72: MANEJO DE SUSTANCIAS QUIMICAS | C72: Programa manejo de sustancias Quimicas | D72: Kit de emergencia para derrames químicos | E72: 3 | F72: Un | G72: 278900 | H72: =ROUND(E72*G72,0) -> 836700
D73: Bomba P/Extraer gasolina - Groz - ACPM x 55 Gl | E73: 0 | F73: Un | G73: =ROUND(122707/3,0) -> 40902 | H73: =ROUND(E73*G73,0) -> 0
D74: Extintor multiproposito ABC 10 lbs | E74: 3 | F74: Un | G74: =ROUND(71000/4,0) -> 17750 | H74: =ROUND(E74*G74,0) -> 53250
B75: USO Y AHORRO DE AGUA Y ENERGIA | C75: Programa de uso y ahorro de agua y energia | D75: Señalización aluciva al ahorro de energia y agua | E75: 3 | F75: Global | G75: 80000 | H75: =ROUND(E75*G75,0) -> 240000
D76: Suministro e instalacion de dispositivos ahorradores para mangueras, llaves e hidrolavadora | E76: 3 | F76: Global | G76: 80000 | H76: =ROUND(E76*G76,0) -> 240000
D77: Manguera 1/2" para riego | E77: 30 | F77: m | G77: =80000/100 -> 800 | H77: =ROUND(E77*G77,0) -> 24000
D78: Alquiler de Hidrolavadora | E78: 3 | F78: Un | G78: =35090*1.19 -> 41757.1 | H78: =ROUND(E78*G78,0) -> 125271
B79: ALMACENAMIENTO MATERIALES DE CONSTRUCCION | C79: Programa Uso y almacenamiento adecuado de materiales de construcción | D79: Teleras para construcción de acopios de materiales como medida de protección del suelo | E79: 30 | F79: Un | G79: 19400 | H79: =ROUND(E79*G79,0) -> 582000
D80: Plásticos y elementos de protección de materiales y escombros | E80: 0 | F80: Rollo | G80: 605900 | H80: =ROUND(E80*G80,0) -> 0
D81: Teleras para cruces y/o senderos peatonales,y para protección de excavaciones | E81: 30 | F81: Und. | G81: 19400 | H81: =ROUND(E81*G81,0) -> 582000
D82: Cinta reflectiva de peligro x 500 metros | E82: 3 | F82: Un | G82: =22500*1.19 -> 26775 | H82: =ROUND(E82*G82,0) -> 80325
D83: Señalización zonas de acopio laminada o plastificada | E83: 3 | F83: Global | G83: 80000 | H83: =ROUND(E83*G83,0) -> 240000
B84: EMISIONES ATMOSFERICAS | C84: Programa manejo de emisiones atmosfericas | D84: Cubierta para la zona de concretadora. Incluye largueros y plastico o lona | E84: 0 | F84: Un | G84: 130000 | H84: =ROUND(E84*G84,0) -> 0
D85: Cubierta para la zona de cortadora. Incluye largueros y plastico o lona | E85: 0 | F85: Un | G85: 134749 | H85: =ROUND(E85*G85,0) -> 0
B86: MANEJO DE CAMPAMENTOS | C86: Programa manejo de campamentos e instalaciones temporales | D86: Señalizacion de campamentos e instalaciones temporales (señalizacion laminada o plastificada) | E86: 0 | F86: Global | G86: 400000 | H86: =ROUND(E86*G86,0) -> 0
D87: Malla tipo polisombra color naranja para delimitacion de zonas verdes y proteccion de árboles | E87: 0 | F87: Rollo | G87: =364438 -> 364438 | H87: =ROUND(E87*G87,0) -> 0
D88: Largueros en madera para proteccion de arboles | E88: 30 | F88: Un | G88: 11250 | H88: =ROUND(E88*G88,0) -> 337500
A89: TOTAL GESTION AMBIENTAL | H89: =SUM(H64:H88) -> 4601589
A91: 4. PLAN DE MANEJO DE TRÁNSITO
A92: 4.P.M.T | D92: Detalle | E92: CANTIDAD | F92: UNIDAD | G92: Valor Unitario | H92: Valor Total
B93: SEÑALES PREVENTIVAS EN OBRAS | C93: SEÑALES REUTILIZABLES EN OTRAS OBRAS | D93: Suministro de señal informativa según ficha técnica marcada como Obra en la vía a 100 m | E93: 3 | F93: Un | G93: =ROUND(178500/3,0) -> 59500 | H93: =ROUND(E93*G93,0) -> 178500
D94: Suministro de señal informativa móvil según ficha técnica marcada como Inicio de Obra | E94: 3 | F94: Und. | G94: =ROUND(178500/3,0) -> 59500 | H94: =ROUND(E94*G94,0) -> 178500
D95: Suministro de señal informativa móvil según ficha técnica marcada como Fin de Obra | E95: 3 | F95: Und. | G95: =ROUND(178500/3,0) -> 59500 | H95: =ROUND(E95*G95,0) -> 178500
D96: Suministro de señal reglamentaria móvil según ficha técnica Velocidad 20 | E96: 3 | F96: Und. | G96: =ROUND(178500/3,0) -> 59500 | H96: =ROUND(E96*G96,0) -> 178500
D97: Suministro de barrera plastica flexible (maletines de 2x1x0.5m) | E97: 0 | F97: Und. | G97: =ROUND(495000/3,0) -> 165000 | H97: =ROUND(E97*G97,0) -> 0
D98: Suministro señal Entrada y Salida de volquetas | E98: 3 | F98: Un | G98: =ROUND(178500/3,0) -> 59500 | H98: =ROUND(E98*G98,0) -> 178500
D99: Suministro Señal auxiliar de transito | E99: 3 | F99: Un | G99: =ROUND(178500/3,0) -> 59500 | H99: =ROUND(E99*G99,0) -> 178500
D100: Suministro de señal Transite con precaución | E100: 3 | F100: Un | G100: =ROUND(178500/3,0) -> 59500 | H100: =ROUND(E100*G100,0) -> 178500
D101: Cepillos carreteros | E101: 3 | F101: Un | G101: =18900*1.19 -> 22491 | H101: =ROUND(E101*G101,0) -> 67473
D102: Cinta reflectiva de peligro x 500 metros | E102: 3 | F102: Und. | G102: =22500*1.19 -> 26775 | H102: =ROUND(E102*G102,0) -> 80325
D103: Chaleco reflectivo naranja | E103: 3 | F103: Und. | G103: =8700*1.19 -> 10353 | H103: =ROUND(E103*G103,0) -> 31059
D104: Elaboración de PMT | E104: 1 | F104: Und. | G104: 3985000 | H104: =ROUND(E104*G104,0) -> 3985000
...

Sheet A.P.U
A1: ANÁLISIS DE PRECIOS UNITARIOS
A3: DESCRIPCIÓN: | F3: FECHA: | G3: =TODAY() -> 46071
A4: =+'OFERTA ECONOMICA'!B8 -> Instalación de CERRAMIENTO PROVISIONAL en tela verde polietileno de alta densidad y resistencia 65 gr/m2 con una altura de 2,10 m, estacones de madera común para fijación vertical de altura de 2,50 m puesto mínimo cada 2,0 m y para apuntalamiento mínimo cada 10 m y cada cambio de dirección, arranques y terminación, diámetro aproximado 0,10 m, elementos de fijación, Incluye: suministro, transporte, instalación, excavación, concreto de fundación preparado en Obra de 17.5 Mpa - 2500 psi, diámetro aproximado 0,30 m y profundidad aproximada 0,50 m, cable o alambre tensor parte inferior y superior horizontal, mantenimiento, desmonte y todos los demás elementos necesarios para su correcta instalación y operación. cargue transporte y botada de material sobrante en botaderos oficiales. | F4: UNIDAD: | G4: m
F5: CANTIDAD: | G5: 1
F6: ITEM: | G6: =+'OFERTA ECONOMICA'!A8 -> 1.1.1
A7: ITEM | B7: MAQUINARIA, EQUIPO Y HERRAMIENTA
B8: DESCRIPCIÓN | D8: UNIDAD | E8: CANT. UNIT. | F8: PREC. UNIT. | G8: VR. PARCIAL
B9: Herramienta menor | D9: %mo | E9: 0.05 | F9: =+G33 -> 13238.136 | G9: =ROUND((E9*F9),0) -> 662
G10: =ROUND((E10*F10),0) -> 0
G11: =ROUND((E11*F11),0) -> 0
G12: =ROUND((E12*F12),0) -> 0
D13: SUBTOTAL MAQ, EQ Y HTA | G13: =SUM(G9:G12) -> 662
A14: ITEM | B14: MATERIALES
B15: DESCRIPCIÓN | D15: UNIDAD | E15: CANT. UNIT. | F15: PREC. UNIT. | G15: VR. PARCIAL
B16: Taco Madera Común de 3" a 4" | D16: und | E16: 1 | F16: 8425.795 | G16: =+F16*E16 -> 8425.795
B17: Clavo Común de 1" y 1½" | D17: lb | E17: 0.04 | F17: 5786 | G17: =+F17*E17 -> 231.44
B18: Listón madera común de 2"x1" | D18: un | E18: 0.5 | F18: 5622.75 | G18: =+F18*E18 -> 2811.375
B19: Alambre Negro Recocido calibre 17 | D19: kg | E19: 0.215 | F19: 5753 | G19: =+F19*E19 -> 1236.895
B20: Concreto Grouting de 17.5 Mpa preparado en obra | D20: m³ | E20: 0.019 | F20: 477186.51 | G20: =+F20*E20 -> 9066.5437
B21: Tela Verde para Cerramiento 2,10m de ancho | D21: m | E21: 1.05 | F21: 4598 | G21: =+F21*E21 -> 4827.9
D22: SUBTOTAL MATERIALES | G22: =SUM(G16:G21) -> 26599.949
A23: ITEM | B23: TRANSPORTES
B24: DESCRIPCIÓN | D24: UNIDAD | E24: CANT. UNIT. | F24: PREC. UNIT. | G24: VR. PARCIAL
B25: Acarreo interno de materiales | D25: m3 | E25: 0.02 | F25: 22500 | G25: =ROUND(F25*E25,) -> 450
G26: =ROUND(F26*E26,) -> 0
D27: SUBTOTAL TRANSPORTES | G27: =SUM(G25:G26) -> 450
A28: ITEM | B28: MANO DE OBRA
B29: DESCRIPCIÓN | D29: UNIDAD | E29: CANTIDAD | F29: PREC.UNIT. | G29: VR. PARCIAL
B30: Cuadrilla 1 OF + 1 Ayu entendido | D30: jor | E30: 0.04 | F30: =_xlfn.IFNA(VLOOKUP(B30,'sub M. DE OBRA'!$B$4:$E$19997,4,FALSE),0) -> 301253.33 | G30: =+E30*F30 -> 12050.133
B31: EXCAVACIÓN MANUAL de material heterogéneo DE 0-2 m., bajo cualquier grado de humedad. Incluye: roca descompuesta, bolas de roca de volumen inferior a 0.35 m³., el cargue, transporte interno y externo, botada de material proveniente de las excavaciones en los sitios donde lo indique la interventoría y su medida será en el sitio. No incluye entibado. | D31: m3 | E31: =0.2*0.2*0.3*1.3 -> 0.0156 | F31: 76154 | G31: =+E31*F31 -> 1188.0024
G32: =+E32*F32 -> 0
A33: OBSERVACIONES | D33: SUBTOTAL MANO DE OBRA | G33: =SUM(G30:G32) -> 13238.136
D34: TOTAL COSTO DIRECTO | G34: =ROUND(G13+G22+G27+G33,0) -> 40950
A36: DESCRIPCIÓN: | F36: FECHA: | G36: =TODAY() -> 46071
A37: =+'OFERTA ECONOMICA'!B9 -> Demolición de enchapes y/o revoques. Incluye demolición del mortero de nivelación espesor máximo 0.03 m, el transporte interno hasta el sitio de acopio que indique la interventoría y/o la botada del material hasta el botadero oficial autorizado. Incluye andamios certificados, equipos de seguridad, empacada de escombros en costales, cargue, transporte y botada de escombros en botaderos oficiales, transporte hasta el sitio que lo indique la supervisión. | F37: UNIDAD: | G37: m2
F38: CANTIDAD: | G38: 1
F39: ITEM: | G39: 1.1.2
A40: ITEM | B40: MAQUINARIA, EQUIPO Y HERRAMIENTA
B41: DESCRIPCIÓN | D41: UNIDAD | E41: CANT. UNIT. | F41: PREC. UNIT. | G41: VR. PARCIAL
B42: Herramienta menor (5% M.O) | D42: (%)mo | E42: =+G60 -> 18021.835 | F42: 0.05 | G42: =ROUND((E42*F42),0) -> 901
B43: Taladro demoledor | D43: día | E43: =+E59 -> 0.04546 | F43: 101853 | G43: =ROUND((E43*F43),0) -> 4630
B44: Extensión eléctrica encauchetada 2 lineas | D44: día | E44: =+E59*2 -> 0.09092 | F44: 850 | G44: =ROUND((E44*F44),0) -> 77
B45: Andamio de carga certificado marco de 1.00 x 1.50 (alto X ancho) | D45: día | E45: =+E59 -> 0.04546 | F45: 36500 | G45: =ROUND((E45*F45),0) -> 1659
B46: Can zunchado en madera común de 5,0cmx20cmx3,0m (alquiler). Incluye transporte. | D46: día | E46: =+E59 -> 0.04546 | F46: 448 | G46: =ROUND((E46*F46),0) -> 20
D47: SUBTOTAL MAQ, EQ Y HTA | G47: =SUM(G42:G46) -> 7287
A48: ITEM | B48: MATERIALES
B49: DESCRIPCIÓN | D49: UNIDAD | E49: PREC. UNIT. | F49: CANT. UNIT. | G49: VR. PARCIAL
B50: Costal de fibra | D50: un | E50: 0.3 | F50: 1300 | G50: =ROUND(E50*F50,) -> 390
D51: SUBTOTAL MATERIALES | G51: =SUM(G50:G50) -> 390
A52: ITEM | B52: TRANSPORTES
B53: DESCRIPCIÓN | D53: UNIDAD | E53: PREC. UNIT. | F53: CANT. UNIT. | G53: VR. PARCIAL
B54: Cargue (Paleros), transporte de materiales y derechos de botadero y/o almacenamiento en bodega. | D54: m3 | E54: 55083 | F54: 0.024 | G54: =ROUND(F54*E54,) -> 1322
B55: Transporte interno de materiales | D55: m3 | E55: 22500 | F55: 0.024 | G55: =ROUND(F55*E55,) -> 540
D56: SUBTOTAL TRANSPORTES | G56: =SUM(G54:G55) -> 1862
A57: ITEM | B57: MANO DE OBRA
B58: DESCRIPCIÓN | D58: UNIDAD | E58: CANTIDAD | F58: PREC.UNIT. | G58: VR. PARCIAL
B59: Cuadrilla demoliciones (1 Of + 2 Ayu) | D59: jor | E59: 0.04546 | F59: =_xlfn.IFNA(VLOOKUP(B59,'sub M. DE OBRA'!$B$4:$E$19997,4,FALSE),0) -> 396432.8 | G59: =+E59*F59 -> 18021.835
A60: OBSERVACIONES | D60: SUBTOTAL MANO DE OBRA | G60: =SUM(G59:G59) -> 18021.835
D61: TOTAL COSTO DIRECTO | G61: =ROUND(+G47+G51+G56+G60,) -> 27561
A63: DESCRIPCIÓN: | F63: FECHA: | G63: =TODAY() -> 46071
A64: =+'OFERTA ECONOMICA'!B10 -> Demolición piso en cerámica, incluye la demolición del mortero de pega. sobre terreno. cargue, transporte y botada de escombros, incluye demolición del mortero de nivelación espesor máximo 0.07m, refuerzo e instalaciones embebidas. además recuperación de los materiales aprovechables o su transporte hasta el sitio que lo indique la interventoría. | F64: UNIDAD: | G64: m2
F65: CANTIDAD: | G65: 1
F66: ITEM: | G66: 1.1.3
A67: ITEM | B67: MATERIALES
B68: DESCRIPCIÓN | D68: UNIDAD | E68: REND-CANTID | F68: PREC. UNIT. | G68: VR. PARCIAL
B69: Herramienta menor (5% M.O) | D69: (%)mo | E69: 0.05 | F69: =+G86 -> 17046.61 | G69: =ROUND((E69*F69),0) -> 852
G70: =ROUND((E70*F70),0) -> 0
D71: SUBTOTAL MATERIALES | G71: =SUM(G69:G70) -> 852
A72: ITEM | B72: MAQUINARIA, EQUIPO Y HERRAMIENTA
B73: DESCRIPCIÓN | D73: UNIDAD | E73: REND-CANTID | F73: PREC. UNIT. | G73: VR. PARCIAL
B74: Costal de fibra | D74: un | E74: 0.3 | F74: 1300 | G74: =ROUND(E74*F74,) -> 390
G75: =ROUND(E75*F75,) -> 0
D76: SUBTOTAL MAQ, EQ Y HTA | G76: =SUM(G74:G75) -> 390
A77: ITEM | B77: TRANSPORTES
B78: DESCRIPCIÓN | D78: UNIDAD | E78: PREC. UNIT. | F78: CANT. UNIT. | G78: VR. PARCIAL
B79: Cargue (Paleros), transporte de materiales y derechos de botadero y/o almacenamiento en bodega. | D79: m3 | E79: 55000 | F79: =0.03*1.35 -> 0.0405 | G79: =ROUND(F79*E79,) -> 2228
B80: Transporte interno de materiales | D80: m3 | E80: 22500 | F80: =+F79 -> 0.0405 | G80: =ROUND(F80*E80,) -> 911
D81: SUBTOTAL TRANSPORTES | G81: =SUM(G79:G80) -> 3139
A82: ITEM | B82: MANO DE OBRA
B83: DESCRIPCIÓN | D83: UNIDAD | E83: CANTIDAD | F83: PREC.UNIT. | G83: VR. PARCIAL
B84: Cuadrilla demoliciones (1 Of + 2 Ayu) | D84: jor | E84: 0.043 | F84: =_xlfn.IFNA(VLOOKUP(B84,'sub M. DE OBRA'!$B$4:$E$19997,4,FALSE),0) -> 396432.8 | G84: =+E84*F84 -> 17046.61
G85: =+E85*F85 -> 0
A86: OBSERVACIONES | D86: SUBTOTAL MANO DE OBRA | G86: =SUM(G84:G85) -> 17046.61
D87: TOTAL COSTO DIRECTO | G87: =ROUND(G71+G76+G81+G86,0) -> 21428
A89: DESCRIPCIÓN: | F89: FECHA: | G89: =TODAY() -> 46071
A90: =+'OFERTA ECONOMICA'!B11 -> Desmonte y retiro de cubierta existente en mal estado (teja metálica y/o aluminio, policarbonato, asbesto cemento o similar) incluye el traslado del material al sitio donde indique la interventoría y/o su disposición final. Medido a cinta pegada sobre pendiente. No incluye el retiro de la estructura de soporte. | F90: UNIDAD: | G90: m2
F91: CANTIDAD: | G91: 1
F92: ITEM: | G92: 1,1,4
A93: ITEM | B93: MATERIALES
B94: DESCRIPCIÓN | D94: UNIDAD | E94: REND-CANTID | F94: PREC. UNIT. | G94: VR. PARCIAL
B95: Herramienta menor (5% M.O) | D95: (%)mo | E95: 0.05 | F95: =+G112 -> 41153.996 | G95: =ROUND((E95*F95),0) -> 2058
B96: Andamio certificado | D96: día | E96: =+E110 -> 0.13 | F96: 36500 | G96: =ROUND((E96*F96),0) -> 4745
D97: SUBTOTAL MATERIALES | G97: =SUM(G95:G96) -> 6803
A98: ITEM | B98: MAQUINARIA, EQUIPO Y HERRAMIENTA
B99: DESCRIPCIÓN | D99: UNIDAD | E99: REND-CANTID | F99: PREC. UNIT. | G99: VR. PARCIAL
G100: =ROUND((E100*F100),0) -> 0
G101: =ROUND(E101*F101,) -> 0
D102: SUBTOTAL MAQ, EQ Y HTA | G102: =SUM(G100:G101) -> 0
A103: ITEM | B103: TRANSPORTES
B104: DESCRIPCIÓN | D104: UNIDAD | E104: PREC. UNIT. | F104: CANT. UNIT. | G104: VR. PARCIAL
...

Sheet sub M. DE OBRA
A1: MANO DE OBRA
A3: N° | B3: CONCEPTO | C3: UNIDAD | D3: SALARIO MENSUAL | E3: VALOR DÍA
A4: 1 | B4: Oficial | C4: día | D4: =3520000*1.58 -> 5561600 | E4: =+D4/30 -> 185386.67
A5: 2 | B5: Ayudante | C5: día | D5: =+('Tabla Salarial '!$C$5+'Tabla Salarial '!$C$6)*'Tabla Salarial '!$C$7 -> 3165692 | E5: =+D5/30 -> 105523.07
A6: 3 | B6: Comisión topografica | C6: dia | D6: 15300000 | E6: =+D6/30 -> 510000
A7: 4 | B7: Ingeniero Ambiental | C7: dia | D7: =5500000*1.58 -> 8690000 | E7: =+D7/30 -> 289666.67
A8: 5 | B8: Cuadrilla demoliciones (1 Of + 2 Ayu) | C8: día | E8: =+E4+2*E5 -> 396432.8
A9: 6 | B9: Ayudante Acarreo interno | C9: día | D9: =+('Tabla Salarial '!$C$5+'Tabla Salarial '!$C$6)*'Tabla Salarial '!$C$7 -> 3165692 | E9: =+D9/30 -> 105523.07
A10: =A9+1 -> 7 | B10: Cuadrilla excavacion de pilas | C10: día | E10: =+E5*3 -> 316569.2
A11: =A10+1 -> 8 | B11: Cuadrilla 1 Of + 1 Ayu | C11: día | E11: =+E4+E5 -> 290909.73
A12: =A11+1 -> 9 | B12: Ayudante entendido | C12: día | D12: =2200000*1.58 -> 3476000 | E12: =+D12/30 -> 115866.67
A13: =A12+1 -> 10 | B13: Cuadrilla (1 Of + 1 Ayu entendido + 1 Ayu) | C13: día | E13: =+E4+E5+E12 -> 406776.4
A14: =A13+1 -> 11 | B14: Cuadrilla Pavimento (1encargado + 2 rastrilleros + 1 ligador + 6 ayudantes) | C14: día | E14: =+E15+2*E16+E17+6*E5 -> 1197914.8
A15: =A14+1 -> 12 | B15: Oficial Encargado | C15: día | D15: =3520000*1.58 -> 5561600 | E15: =+D15/30 -> 185386.67
A16: =A15+1 -> 13 | B16: Rastrillero | C16: día | D16: =2600000*1.58 -> 4108000 | E16: =+D16/30 -> 136933.33
A17: =A16+1 -> 14 | B17: Ligador | C17: día | D17: =+('Tabla Salarial '!$C$5+'Tabla Salarial '!$C$6)*'Tabla Salarial '!$C$7 -> 3165692 | E17: =+D17/30 -> 105523.07
A18: =A17+1 -> 15 | B18: Cuadrilla Estructura Metálica 1 Of + 2 Ay | C18: día | E18: =+E19+2*E5 -> 396432.8
A19: =A18+1 -> 16 | B19: Oficial Est metalica | C19: día | D19: =3520000*1.58 -> 5561600 | E19: =+D19/30 -> 185386.67 | G19: =3200000*1.1 -> 3520000
A20: =A19+1 -> 17 | B20: Cuadrilla 1 OF + 1 Ayu entendido | C20: día | E20: =+E4+E12 -> 301253.33 | G20: 3520000
A21: =A20+1 -> 18 | B21: Cuadrilla fontaneria | C21: día | E21: =+E4+E12 -> 301253.33
A22: =A21+1 -> 19 | B22: Cuadrilla red gas | C22: día | E22: =+E23+2*E24 -> 396432.8
A23: =A22+1 -> 20 | B23: Oficial gas | C23: día | D23: =3520000*1.58 -> 5561600 | E23: =+D23/30 -> 185386.67
A24: =A23+1 -> 21 | B24: Ayudante gas | C24: día | D24: =+('Tabla Salarial '!$C$5+'Tabla Salarial '!$C$6)*'Tabla Salarial '!$C$7 -> 3165692 | E24: =+D24/30 -> 105523.07
A25: =A24+1 -> 22 | B25: Oficial electrico | C25: día | D25: =3520000*1.58 -> 5561600 | E25: =+D25/30 -> 185386.67
A26: =A25+1 -> 23 | B26: Cuadrilla electrica | C26: día | E26: =+E25+E5 -> 290909.73
A27: =A26+1 -> 24 | B27: Ingeniero de proyectos electricos | C27: día | D27: =4400000*1.58 -> 6952000 | E27: =+D27/30 -> 231733.33
A28: =A27+1 -> 25 | B28: Cuadrilla de vaciado de concreto para pilas | C28: día | E28: =+E10+E4 -> 501955.87
A29: =A28+1 -> 26 | B29: Cuadrilla de vaciado de estructuras | C29: día | E29: =3*E5+E4 -> 501955.87
A30: =A29+1 -> 27 | B30: Ayudante entendido x6 | C30: día | D30: =+('Tabla Salarial '!$C$5+'Tabla Salarial '!$C$6)*'Tabla Salarial '!$C$7 -> 3165692 | E30: =(+D30/30)*6 -> 633138.4
A31: =A30+1 -> 28 | B31: Cuadrilla instalación | C31: día | D31: =+('Tabla Salarial '!$C$5+'Tabla Salarial '!$C$6)*'Tabla Salarial '!$C$7 -> 3165692 | E31: =(+D31/30)*2 -> 211046.13
A32: =A31+1 -> 29 | B32: Oficial (2) marcacion de puntos de control y asistencia al proveedor | C32: día | D32: =3520000*1.58 -> 5561600 | E32: =(+D32/30)*2 -> 370773.33
A33: =A32+1 -> 30 | B33: Ayudante (3) marcacion de puntos de control y asistencia al proveedor | C33: día | D33: =+('Tabla Salarial '!$C$5+'Tabla Salarial '!$C$6)*'Tabla Salarial '!$C$7 -> 3165692 | E33: =(+D33/30)*3 -> 316569.2
A34: =A33+1 -> 31 | B34: Ayudante (2) cargue de material | C34: día | D34: =+('Tabla Salarial '!$C$5+'Tabla Salarial '!$C$6)*'Tabla Salarial '!$C$7 -> 3165692 | E34: =(+D34/30)*2 -> 211046.13
A35: =A34+1 -> 32 | B35: Ayudante (8) control vehicular | C35: día | D35: =+('Tabla Salarial '!$C$5+'Tabla Salarial '!$C$6)*'Tabla Salarial '!$C$7 -> 3165692 | E35: =(+D35/30)*8 -> 844184.53
A36: =A35+1 -> 33 | B36: Comisión topográfica (incluye personal equipos y tte) | C36: día
A37: =A36+1 -> 34 | B37: Cuadrilla electrica (6) | C37: día | E37: =E26*6 -> 1745458.4
A38: =A37+1 -> 35 | B38: Cuadrilla 1 OF + 3 Ayu | C38: día | E38: =+E4+3*E5 -> 501955.87
A39: =A38+1 -> 36 | B39: Cargue con paleros (2) | C39: día | D39: =+('Tabla Salarial '!$C$5+'Tabla Salarial '!$C$6)*'Tabla Salarial '!$C$7 -> 3165692 | E39: =+(D39/30)*2 -> 211046.13
A40: =A39+1 -> 37 | B40: Cuadrilla mamposteria | C40: día | E40: =+E18 -> 396432.8
A41: =A40+1 -> 38 | B41: Cuadrilla enchape | C41: día | E41: =+E18 -> 396432.8
A42: =A41+1 -> 39 | B42: Jardinero | C42: día | D42: =2800000*1.58 -> 4424000 | E42: =+D42/30 -> 147466.67
A43: =A42+1 -> 40 | B43: Paleros (2) | C43: día | E43: =+E5*2 -> 211046.13
A44: =A43+1 -> 41 | B44: Cuadrilla Cubierta | C44: día | E44: =+E15+E12 -> 301253.33
A45: =A44+1 -> 42 | B45: Profesional arquitectura e ingenieria | C45: mes | E45: 4046982.5
A46: =A45+1 -> 43 | B46: Cuadrilla de retiros | C46: día | E46: =+E5*3 -> 316569.2
A47: =A46+1 -> 44 | B47: Cuadrillla latoneria | C47: día | E47: =+E15+E12 -> 301253.33

Sheet Tabla Salarial 
B1: EMPRESA DE VIVIENDA Y DESARROLLO URBANO Y RURAL DEL MUNICIPIO DE ENVIGADO “DESur” PROCESO GESTIÓN Y ADMINISTRACIÓN DE PROYECTOS
B2: CÓDIGO: M-GPMO-F-01 | C2: FORMATO PRESUPUESTO | G2: APROBADO
B3: TABLA SALARIAL
B5: SMMLV (2025) | C5: 1750905
B6: SUBSIDIO DE TRANSPORTE | C6: 249095
B7: F.P | C7: =+E50+1 -> 1.582846
B9: CARGO/ EXPERIENCIA | C9: EXPERIENCIA GENERAL (AÑOS) | D9: EXPERIENCIA ESPECIFICA (AÑOS) | E9: Nº SMMLV | F9: VALOR SMMLV | G9: SALARIO BASE
B10: DIRECTOR CATEGORIA 1 | C10: 17 | D10: 16 | E10: 9 | F10: =+$C$5*E10*$C$7 -> 24942717 | G10: =+IF(E10<=2,ROUND(F10/$C$7+$C$6,0),ROUND(F10/$C$7,0)) -> 15758145
B11: DIRECTOR CATEGORIA 2 | C11: 15 | D11: 14 | E11: 8.5 | F11: =+$C$5*E11*$C$7 -> 23557010 | G11: =+IF(E11<=2,ROUND(F11/$C$7+$C$6,0),ROUND(F11/$C$7,0)) -> 14882693
B12: DIRECTOR CATEGORIA 3 | C12: 12 | D12: 11 | E12: 7.5 | F12: =+$C$5*E12*$C$7 -> 20785597 | G12: =+IF(E12<=2,ROUND(F12/$C$7+$C$6,0),ROUND(F12/$C$7,0)) -> 13131788
B13: DIRECTOR CATEGORIA 4 | C13: 11 | D13: 10 | E13: 6 | F13: =+$C$5*E13*$C$7 -> 16628478 | G13: =+IF(E13<=2,ROUND(F13/$C$7+$C$6,0),ROUND(F13/$C$7,0)) -> 10505430
B14: DIRECTOR CATEGORIA 5 | C14: 10 | D14: 8 | E14: 5.5 | F14: =+$C$5*E14*$C$7 -> 15242771 | G14: =+IF(E14<=2,ROUND(F14/$C$7+$C$6,0),ROUND(F14/$C$7,0)) -> 9629978
B15: DIRECTOR CATEGORIA 6 | C15: 8 | D15: 6 | E15: 5 | F15: =+$C$5*E15*$C$7 -> 13857065 | G15: =+IF(E15<=2,ROUND(F15/$C$7+$C$6,0),ROUND(F15/$C$7,0)) -> 8754525
B16: DIRECTOR CATEGORIA 7 | C16: 5 | D16: 4 | E16: 4.5 | F16: =+$C$5*E16*$C$7 -> 12471358 | G16: =+IF(E16<=2,ROUND(F16/$C$7+$C$6,0),ROUND(F16/$C$7,0)) -> 7879073
B17: RESIDENTE CATEGORIA 1 | C17: 4 | D17: 3 | E17: 4 | F17: =+$C$5*E17*$C$7 -> 11085652 | G17: =+IF(E17<=2,ROUND(F17/$C$7+$C$6,0),ROUND(F17/$C$7,0)) -> 7003620
B18: RESIDENTE CATEGORIA 2 | C18: 3 | D18: 1 | E18: 3.5 | F18: =+$C$5*E18*$C$7 -> 9699945.4 | G18: =+IF(E18<=2,ROUND(F18/$C$7+$C$6,0),ROUND(F18/$C$7,0)) -> 6128168
B19: RESIDENTE CATEGORIA 3 | C19: 2 | D19: - | E19: 3 | F19: =+$C$5*E19*$C$7 -> 8314238.9 | G19: =+IF(E19<=2,ROUND(F19/$C$7+$C$6,0),ROUND(F19/$C$7,0)) -> 5252715
B20: RESIDENTE CATEGORIA 4 | C20: < 2 | D20: - | E20: 2.5 | F20: =+$C$5*E20*$C$7 -> 6928532.4 | G20: =+IF(E20<=2,ROUND(F20/$C$7+$C$6,0),ROUND(F20/$C$7,0)) -> 4377263
B21: RESIDENTE CATEGORIA 5 | C21: - | D21: - | E21: 1.75 | F21: =+$C$5*E21*$C$7 -> 4849972.7 | G21: =+IF(E21<=2,ROUND(F21/$C$7+$C$6,0),ROUND(F21/$C$7,0)) -> 3313179
B22: TECNÓLOGO ÁREA DE INGENIERIA | C22: - | D22: - | E22: 1.75 | F22: =+$C$5*E22*$C$7 -> 4849972.7 | G22: =+IF(E22<=2,ROUND(F22/$C$7+$C$6,0),ROUND(F22/$C$7,0)) -> 3313179
B23: AUXILIAR DE INGENIERÍA | C23: - | D23: - | E23: 1.75 | F23: =+$C$5*E23*$C$7 -> 4849972.7 | G23: =+IF(E23<=2,ROUND(F23/$C$7+$C$6,0),ROUND(F23/$C$7,0)) -> 3313179
B24: MAESTRO DE OBRA | C24: - | D24: - | E24: 2.5 | F24: =+$C$5*E24*$C$7 -> 6928532.4 | G24: =+IF(E24<=2,ROUND(F24/$C$7+$C$6,0),ROUND(F24/$C$7,0)) -> 4377263
B25: ALMACENISTA | C25: - | D25: - | E25: 1.5 | F25: =+$C$5*E25*$C$7 -> 4157119.5 | G25: =+IF(E25<=2,ROUND(F25/$C$7+$C$6,0),ROUND(F25/$C$7,0)) -> 2875453
B26: AYUDANTE POR ADMINISTRACIÓN | C26: - | D26: - | E26: 1 | F26: =+$C$5*E26*$C$7 -> 2771413 | G26: =+IF(E26<=2,ROUND(F26/$C$7+$C$6,0),ROUND(F26/$C$7,0)) -> 2000000
B27: SECRETARIA | C27: - | D27: - | E27: 1.5 | F27: =+$C$5*E27*$C$7 -> 4157119.5 | G27: =+IF(E27<=2,ROUND(F27/$C$7+$C$6,0),ROUND(F27/$C$7,0)) -> 2875453
B29: PRESTACIONES, SEGURIDAD SOCIAL Y PARAFISCALES AÑO 2025
B31: SEGURIDAD SOCIAL | D31: %TOTAL | E31: %EMPLEADOR | F31: %EMPLEADO
B32: SALUD | D32: =+E32+F32 -> 0.125 | E32: 0.085 | F32: 0.04
B33: PENSIONES | D33: =+E33+F33 -> 0.16 | E33: 0.12 | F33: 0.04
B34: RIESGOS | D34: =+E34+F34 -> 0.0696 | E34: 0.0696 | F34: 0
B35: TOTAL | D35: =+SUM(D32:D34) -> 0.3546 | E35: =+SUM(E32:E34) -> 0.2746 | F35: =+SUM(F32:F34) -> 0.08
B37: PARAFISCALES | D37: %TOTAL | E37: %EMPLEADOR | F37: %EMPLEADO
B38: SENA | D38: =+E38+F38 -> 0.02 | E38: 0.02 | F38: 0
B39: ICBF | D39: =+E39+F39 -> 0.03 | E39: 0.03 | F39: 0
B40: CAJA DE COMPENSACION | D40: =+E40+F40 -> 0.04 | E40: 0.04 | F40: 0
B41: TOTAL | D41: =+SUM(D38:D40) -> 0.09 | E41: =+SUM(E38:E40) -> 0.09 | F41: =+SUM(F38:F40) -> 0
B43: PRESTACIONES SOCIALES | D43: %TOTAL | E43: %EMPLEADOR | F43: %EMPLEADO
B44: CESANTIAS | D44: =+E44+F44 -> 0.0833 | E44: 0.0833 | F44: 0
B45: INTERESES CESANTIAS | D45: =+E45+F45 -> 0.009996 | E45: =+E44*0.12 -> 0.009996 | F45: 0
B46: VACACIONES | D46: =+E46+F46 -> 0.04165 | E46: 0.04165 | F46: 0
B47: PRIMA | D47: =+E47+F47 -> 0.0833 | E47: 0.0833 | F47: 0
B48: TOTAL | D48: =+SUM(D44:D47) -> 0.218246 | E48: =+SUM(E44:E47) -> 0.218246 | F48: =+SUM(F44:F47) -> 0
B50: ACUMULADO SEGURIDAD SOCIAL + PRESTACIONES SOCIALES | D50: =+D35+D41+D48 -> 0.662846 | E50: =+E35+E41+E48 -> 0.582846 | F50: =+F35+F41+F48 -> 0.08

Sheet Póliza 
B1: EMPRESA DE VIVIENDA Y DESARROLLO URBANO Y RURAL DEL MUNICIPIO DE ENVIGADO “DESur” PROCESO GESTIÓN Y ADMINISTRACIÓN DE PROYECTOS
B2: CÓDIGO: M-GPMO-F-01 | C2: FORMATO PRESUPUESTOS | H2: APROBADO
B3: PÓLIZAS CONTRATO DE OBRA
B5: SALARIO MINIMO 2026 ($) | D5: =+'Tabla Salarial '!C5 -> 1750905
B6: VALOR DEL CONTRATO ($) | D6: 849397759
B7: PLAZO DEL CONTRATO (Días) | D7: =+'AU '!F5*30 -> 90
B8: ANTICIPO (%) | D8: 0
B9: ANTICIPO ($) | D9: =+D6*D8 -> 0
B12: TIPO DE GARANTÍA | D12: VALOR ASEGURADO | F12: COBERTURA (Días ) | G12: TASA anual | H12: PRIMA
D13: % | E13: VALOR
B14: Cumplimiento | D14: 0.1 | E14: =$D$6*D14 -> 84939776 | F14: =+D7+(30*6) -> 270 | G14: 0.003 | H14: =(E14*G14)/365*F14 -> 188496.49
B15: Estabilidad y Calidad de la Obras | D15: 0.2 | E15: =$D$6*D15 -> 1.6987955e+08 | F15: =+(5*365) -> 1825 | G15: 0.003 | H15: =(E15*G15)/365*F15 -> 2548193.3
B16: Calidad y correcto funcionamiento de los bienes | D16: 0 | E16: =$D$6*D16 -> 0 | F16: =+D7+(30*6) -> 270 | G16: 0.003 | H16: =(E16*G16)/365*F16 -> 0
B17: Salarios y Prestaciones Sociales | D17: 0.2 | E17: =$D$6*D17 -> 1.6987955e+08 | F17: =+D7+(3*365) -> 1185 | G17: 0.003 | H17: =(E17*G17)/365*F17 -> 1654580.3
B18: Responsabilidad Civil | D18: =+B31 -> 200 SMMLV | E18: =200*D5 -> 350181000 | F18: =+D7 -> 90 | G18: 0.003 | H18: =(E18*G18)/365*F18 -> 259038
B19: Calidad del servicio | D19: 0 | E19: =$D$6*D19 -> 0 | F19: =+D7+(6*30) -> 270 | G19: 0.003 | H19: =(E19*G19)/365*F19 -> 0
B20: Buen manejo y correcta inversión del anticipo | D20: 0 | E20: =+D9 -> 0 | F20: =+D7+(6*30) -> 270 | G20: 0.003 | H20: =(E20*G20)/365*F20 -> 0
B21: SUBTOTAL PRIMA | H21: =SUM(H14:H20) -> 4650308.1
B22: GASTOS DE EXPEDICIÓN | H22: 15000
B23: IVA (19%) | H23: =ROUND((H21+H22)*19%,0) -> 886409
B24: TOTAL PÓLIZAS | H24: =ROUND(SUM(H21:H23),0) -> 5551717
B26: RELACIÓN | D26: =H24/D6 -> 0.0065360627
B29: RESPONSABILIDAD CIVIL EXTRACONTRACTUAL
C30: RANGO SMMLV | D30: SMMLV | E30: RANGO
B31: 200 SMMLV | C31: >= 1500 SMMLV | D31: 1750905 | E31: 1 | F31: > | G31: =1500*D31 -> 2626357500
B32: 300 SMMLV | C32: 1.500 SMMLV >= 2.500 SMMLV | D32: 1750905 | E32: =+G31 -> 2626357500 | F32: >= | G32: =+D32*2500 -> 4377262500
B33: 400 SMMLV | C33: 2.500 SMMLV >= 5.000 SMMLV | D33: 1750905 | E33: =+G32 -> 4377262500 | F33: >= | G33: =+D33*5000 -> 8754525000
B34: 500 SMMLV | C34: 5.000 SMMLV >= 10.000 SMMLV | D34: 1750905 | E34: =+G33 -> 8754525000 | F34: >= | G34: =+D34*10000 -> 17509050000
B35: 5% VALOR TOTAL CONTRATO | C35: < 10.000 SMMLV | D35: 1750905 | E35: 0 | F35: < | G35: =+G34 -> 17509050000

Sheet INDICES DE CAMACOL
A1: EMPRESA DE VIVIENDA Y DESARROLLO URBANO Y RURAL DEL MUNICIPIO DE ENVIGADO “DESur” PROCESO GESTIÓN Y ADMINISTRACIÓN DE PROYECTOS
A2: CÓDIGO: M-GPMO-F-01 | D2: FORMATO PRESUPUESTOS | X2: APROBADO
A3: ÍNDICES DE CAMACOL
A4: CONCEPTO | C4: COÓIGO | D4: VARIACIÓN ANUAL 2005 | E4: VARIACIÓN ANUAL 2006 | F4: VARIACIÓN ANUAL 2007 | G4: VARIACIÓN ANUAL 2008 | H4: VARIACIÓN ANUAL 2009 | I4: VARIACIÓN ANUAL 2010 | J4: VARIACIÓN ANUAL 2011 | K4: VARIACIÓN ANUAL 2012 | L4: VARIACIÓN ANUAL 2013 | M4: VARIACIÓN ANUAL 2014 | N4: VARIACIÓN ANUAL 2015 | O4: VARIACIÓN ANUAL 2016 | P4: VARIACIÓN ANUAL 2017 | Q4: VARIACIÓN ANUAL 2018 | R4: VARIACIÓN ANUAL 2019 | S4: VARIACIÓN ANUAL 2020 | T4: VARIACIÓN ANUAL 2021 | U4: VARIACIÓN ANUAL 2022 | V4: VARIACIÓN ANUAL 2023 | W4: VARIACIÓN ANUAL 2024 | X4: VARIACIÓN ANUAL 2025
A5: TOTAL MANO DE OBRA | C5: TMO | D5: 9.89 | E5: 7.68 | F5: 7.46 | G5: 7.8 | H5: 6.66 | I5: 3.11 | J5: 3.82 | K5: 6.81 | L5: 2.06 | M5: 1.8 | N5: 3.06 | O5: 7.52 | P5: 4.87 | Q5: 4.85 | R5: 3.29 | S5: 3.6 | T5: 2.53 | U5: 9.93 | V5: 14.94 | W5: 7.49
A6: CEMENTO | C6: CE | D6: -33.78 | E6: 60.16 | F6: 6.83 | G6: 12.38 | H6: 13.4 | I6: 0.01 | J6: 9.78 | K6: 11.21 | L6: 0.42 | M6: 2.02 | N6: 3.96 | O6: -8.95 | P6: -5.15 | Q6: 4.77 | R6: 14.85 | S6: 4.9 | T6: 2.06 | U6: 9.14 | V6: 17.48 | W6: 6.13
A7: CONCRETO PREMEZCLADO | C7: CO | D7: 0 | E7: 0 | F7: 0 | G7: 0 | H7: 0 | I7: 0.95 | J7: 2 | K7: 15.9 | L7: 3 | M7: 3 | N7: 9.5 | O7: 10 | P7: 9.6 | Q7: 0 | R7: 9.18 | S7: 11.29 | T7: -0.39 | U7: 6.96 | V7: 10.67 | W7: 3.17
A8: PREFABRICADOS | C8: PR | D8: 1.14 | E8: 9.39 | F8: 16.89 | G8: 15.58 | H8: 0.69 | I8: 4.02 | J8: 3 | K8: 7.95 | L8: -3.84 | M8: 21.42 | N8: 0 | O8: 11.18 | P8: 3.3 | Q8: -1.95 | R8: -2.8 | S8: 9.04 | T8: 0.75 | U8: 10.49 | V8: 0.54 | W8: 4.72
A9: AGREGADOS MINERALES | C9: AM | D9: 4.89 | E9: 12.61 | F9: 13.92 | G9: 4.96 | H9: 2.02 | I9: 5.3 | J9: 10.57 | K9: 2.94 | L9: 4.38 | M9: 3.09 | N9: 6 | O9: -8.04 | P9: 14.86 | Q9: 3.07 | R9: 5.14 | S9: 2.38 | T9: 1.84 | U9: 4.6 | V9: 3.59 | W9: -0.12
A10: HIERRO | C10: HI | D10: -6.82 | E10: 24.12 | F10: 2.66 | G10: 4.45 | H10: -13.12 | I10: -5.92 | J10: 39.16 | K10: -10.53 | L10: 1.82 | M10: 2.78 | N10: 8.99 | O10: -3.11 | P10: 13.82 | Q10: 18.51 | R10: 1.4 | S10: 18.58 | T10: 38.63 | U10: 11.91 | V10: -1.06 | W10: -2.78
A11: MADERA PARA CONSTRUCCIÓN | C11: MA | D11: 15.29 | E11: 14.87 | F11: 1.63 | G11: 0 | H11: 0 | I11: 9.82 | J11: 3.48 | K11: 27.86 | L11: 7.53 | M11: 0 | N11: -0.21 | O11: -1.34 | P11: 86.26 | Q11: 8.08 | R11: 2.04 | S11: 10.15 | T11: 14.12 | U11: 10.45 | V11: -1.74 | W11: 9.08
A12: MATERIALES PARA MAMPOSTERIA | C12: MM | D12: 8.22 | E12: 13.23 | F12: 4.68 | G12: 8.19 | H12: 2.19 | I12: 1.85 | J12: 1.13 | K12: 2.8 | L12: 2.45 | M12: 5.55 | N12: 15.13 | O12: 8.59 | P12: 6.43 | Q12: 2.4 | R12: 3.2 | S12: 5.08 | T12: 0.31 | U12: 23.24 | V12: 12.38 | W12: 5.01
A13: MAT.INST.HIDRAULICA SANITARIA | C13: IHS | D13: 19.69 | E13: 3.22 | F13: -10.69 | G13: 19.61 | H13: 15.01 | I13: 7.58 | J13: 9.56 | K13: 1.97 | L13: 9.13 | M13: 8.93 | N13: 14.63 | O13: 6.51 | P13: 13.85 | Q13: -3.1 | R13: 6.15 | S13: 12.52 | T13: 32.74 | U13: 8.14 | V13: -4.21 | W13: 5.61
A14: INST. ELECTRICA Y TELEFONICA | C14: IET | D14: 33.79 | E14: 22.16 | F14: 5.81 | G14: 25.13 | H14: 0.61 | I14: -1.93 | J14: 8.64 | K14: -6.48 | L14: -0.27 | M14: 5.18 | N14: 14.27 | O14: 3.13 | P14: 14.89 | Q14: -2.21 | R14: 5.21 | S14: 16.58 | T14: 22.8 | U14: 13.11 | V14: -1.53 | W14: 5.59
A15: MATERIALES PARA CUBIERTA | C15: MC | D15: 28.5 | E15: 9.08 | F15: 13.54 | G15: 20.98 | H15: -1.47 | I15: 4.01 | J15: 2.73 | K15: 5.64 | L15: 1.08 | M15: -0.89 | N15: -1.22 | O15: 11.16 | P15: 2.85 | Q15: 0.65 | R15: 0.72 | S15: 4.38 | T15: -1.77 | U15: 11.01 | V15: 2.6 | W15: -3.74
A16: TOTAL MATERIALES OBRA NEGRA | C16: TMON | D16: 6 | E16: 14.6 | F16: 3.47 | G16: 10.77 | H16: 0.05 | I16: 2.01 | J16: 10.11 | K16: 1.42 | L16: 3.42 | M16: 4.1 | N16: 9.64 | O16: 3.57 | P16: 13.47 | Q16: 2.97 | R16: 5.06 | S16: 11.7 | T16: 15.13 | U16: 11.51 | V16: 3.05 | W16: 3.26
A17: PISOS | C17: PIS | D17: 9.58 | E17: 4.3 | F17: 5.36 | G17: 6.72 | H17: 9.95 | I17: 1.93 | J17: 4.09 | K17: 3.15 | L17: 5.1 | M17: 0.48 | N17: 8.05 | O17: 3.84 | P17: 14.32 | Q17: 0.65 | R17: 2.94 | S17: 7.55 | T17: 13.64 | U17: 0.56 | V17: 4.82 | W17: -2.1
... A107: VIDRIO | C107: VI | D107: 7 | E107: 3.44 | F107: 6.72 | G107: 1.66 | H107: 0 | I107: 25.38 | J107: -3.23 | K107: 2.93 | L107: -7.07 | M107: -10.62 | N107: -22.27 | O107: -8.84 | P107: 25.82 | Q107: 9.4 | R107: -1.01 | S107: 19.86 | T107: 40.84 | U107: 9.43 | V107: -8 | W107: -10.28
A108: INDICES DE ADITIVOS
A109: CEMENTICIOS | C109: CEM | D109: 3.36 | E109: 6.4 | F109: 6.49 | G109: 3.62 | H109: 2.87 | I109: 2.83 | J109: 0.06 | K109: 3.74 | L109: 0.06 | M109: 3.87 | N109: 5.43 | O109: 0.42 | P109: 0.42 | Q109: 18.33 | R109: 0.16 | S109: 1.02 | T109: 14.78 | U109: 1.53 | V109: 0 | W109: 13.85
A110: CEMENTOS MODIFICADOS | C110: CEMO | D110: 3.17 | E110: 6.91 | F110: 7.2 | G110: 5.52 | H110: 1.42 | I110: -0.77 | J110: -7.67 | K110: 0.05 | L110: 7.66 | M110: 3.65 | N110: 4.71 | O110: -0.36 | P110: 13.69 | Q110: 12.58 | R110: 20.03 | S110: 19.6 | T110: 25.55 | U110: 28.61 | V110: 11.87 | W110: 13.46
A111: EPÓXICOS (ADHERENTES) | C111: EPX | D111: 5.12 | E111: 7.05 | F111: 5.99 | G111: 4.34 | H111: 4.03 | I111: 13.17 | J111: -1.17 | K111: -1.37 | L111: 4.61 | M111: 3.53 | N111: 4.26 | O111: 3.55 | P111: 8.28 | Q111: 14.33 | R111: -5.31 | S111: 15.45 | T111: 23.97 | U111: 30.52 | V111: 5.56 | W111: -13.99
A112: MATERIALES COMPUESTOS | C112: MCO | D112: 13.88 | E112: 3.77 | F112: 5 | G112: 1.06 | H112: 4.01 | I112: -7.94 | J112: 8.5 | K112: 4.33 | L112: 7.58 | M112: 5.94 | N112: 59.17 | O112: 10.02 | P112: 0 | Q112: 0 | R112: 0 | S112: 0 | T112: 0 | U112: 0 | V112: 0 | W112: 0

Sheet Fórmula Reajuste 
B1: FORMULA DE REAJUSTE
B3: N° | C3: ÍNDICE | D3: ÍTEM | E3: VALOR | F3: COEFICIENTE
B4: 1 | C4: MC | D4: Materiales para cubierta | E4: =+'OFERTA ECONOMICA'!F32+'OFERTA ECONOMICA'!F36+'OFERTA ECONOMICA'!F38+'OFERTA ECONOMICA'!F92+'OFERTA ECONOMICA'!F93 -> 0 | F4: =E4/$E$11 -> #DIV/0!
B5: 2 | C5: CM | D5: Carpintería metálica | E5: =+'OFERTA ECONOMICA'!F34+'OFERTA ECONOMICA'!F68+'OFERTA ECONOMICA'!F69+'OFERTA ECONOMICA'!F71+'OFERTA ECONOMICA'!F77 -> 0 | F5: =E5/$E$11 -> #DIV/0!
B6: 3 | C6: MOOP | D6: Mano de obra obra pública | E6: =+'OFERTA ECONOMICA'!F99*0.1 -> 0 | F6: =E6/$E$11 -> #DIV/0!
B7: 4 | C7: TA | D7: Teja de barro/arcilla | E7: =+'OFERTA ECONOMICA'!F33+'OFERTA ECONOMICA'!F90 -> 0 | F7: =E7/$E$11 -> #DIV/0!
B8: 5 | C8: IHS | D8: Instalaciones hidrosanitarias | E8: =+'OFERTA ECONOMICA'!F27 -> 0 | F8: =E8/$E$11 -> #DIV/0!
B9: 6 | C9: MM | D9: Materiales mamposteria | E9: =+'OFERTA ECONOMICA'!F21+'OFERTA ECONOMICA'!F22+'OFERTA ECONOMICA'!F26+'OFERTA ECONOMICA'!F41+'OFERTA ECONOMICA'!F63+'OFERTA ECONOMICA'!F64+'OFERTA ECONOMICA'!F87 -> 0 | F9: =E9/$E$11 -> #DIV/0!
B10: 7 | C10: PI | D10: Pinturas | E10: =+('OFERTA ECONOMICA'!F23+'OFERTA ECONOMICA'!F24+'OFERTA ECONOMICA'!F25+'OFERTA ECONOMICA'!F65+'OFERTA ECONOMICA'!F66+'OFERTA ECONOMICA'!F67+'OFERTA ECONOMICA'!F70+'OFERTA ECONOMICA'!F78+'OFERTA ECONOMICA'!F80+'OFERTA ECONOMICA'!F85) -> 0 | F10: =E10/$E$11 -> #DIV/0!
B11: TOTAL | E11: =SUM(E4:E10) -> 0
B12: COSTO DIRECTO | E12: =+'OFERTA ECONOMICA'!F99 -> 0
B13: PORCENTAJE TOTAL (%) | E13: =E11/E12 -> #DIV/0!

Sheet Cálculo reajuste
B1: CÁLCULO REAJUSTE
B3: AÑO | C3: CÓDIGO | D3: MC | E3: CM | F3: MOOP | G3: TA | H3: IHS | I3: MM | J3: PI
C4: COEF. | D4: =+'Fórmula Reajuste '!F4 -> #DIV/0! | E4: =+'Fórmula Reajuste '!F5 -> #DIV/0! | F4: =+'Fórmula Reajuste '!F6 -> #DIV/0! | G4: =+'Fórmula Reajuste '!F7 -> #DIV/0! | H4: =+'Fórmula Reajuste '!F8 -> #DIV/0! | I4: =+'Fórmula Reajuste '!F9 -> #DIV/0! | J4: =+'Fórmula Reajuste '!F10 -> #DIV/0!
B5: 2005 | C5: ANUAL (%) | D5: 28.5 | E5: -2.4 | F5: 7.14 | G5: 16.36 | H5: 19.69 | I5: 8.22 | J5: 6.53
C6: Prom. Mensual (%) | D6: =D5/12 -> 2.375 | E6: =E5/12 -> -0.2 | F6: =F5/12 -> 0.595 | G6: =G5/12 -> 1.3633333 | H6: =H5/12 -> 1.6408333 | I6: =I5/12 -> 0.685 | J6: =J5/12 -> 0.54416667
B7: 2006 | C7: ANUAL (%) | D7: 9.08 | E7: 17.94 | F7: 7.34 | G7: 0 | H7: 3.22 | I7: 13.23 | J7: 7.48
C8: Prom. Mensual (%) | D8: =D7/12 -> 0.75666667 | E8: =E7/12 -> 1.495 | F8: =F7/12 -> 0.61166667 | G8: =G7/12 -> 0 | H8: =H7/12 -> 0.26833333 | I8: =I7/12 -> 1.1025 | J8: =J7/12 -> 0.62333333
B9: 2007 | C9: ANUAL (%) | D9: 13.54 | E9: 8.55 | F9: 6.04 | G9: 8.97 | H9: -10.69 | I9: 4.68 | J9: 6.48
C10: Prom. Mensual (%) | D10: =D9/12 -> 1.1283333 | E10: =E9/12 -> 0.7125 | F10: =F9/12 -> 0.50333333 | G10: =G9/12 -> 0.7475 | H10: =H9/12 -> -0.89083333 | I10: =I9/12 -> 0.39 | J10: =J9/12 -> 0.54
B11: 2008 | C11: ANUAL (%) | D11: 20.98 | E11: 4.51 | F11: 5.39 | G11: 0 | H11: 19.61 | I11: 8.19 | J11: 2.33
C12: Prom. Mensual (%) | D12: =D11/12 -> 1.7483333 | E12: =E11/12 -> 0.37583333 | F12: =F11/12 -> 0.44916667 | G12: =G11/12 -> 0 | H12: =H11/12 -> 1.6341667 | I12: =I11/12 -> 0.6825 | J12: =J11/12 -> 0.19416667
B13: 2009 | C13: ANUAL (%) | D13: -1.47 | E13: -10.28 | F13: 4.65 | G13: 0 | H13: 15.01 | I13: 2.19 | J13: 3.69
C14: Prom. Mensual (%) | D14: =D13/12 -> -0.1225 | E14: =E13/12 -> -0.85666667 | F14: =F13/12 -> 0.3875 | G14: =G13/12 -> 0 | H14: =H13/12 -> 1.2508333 | I14: =I13/12 -> 0.1825 | J14: =J13/12 -> 0.3075
B15: 2010 | C15: ANUAL (%) | D15: 4.01 | E15: 4.02 | F15: 4.59 | G15: -11.11 | H15: 7.58 | I15: 1.85 | J15: 2.43
C16: Prom. Mensual (%) | D16: =D15/12 -> 0.33416667 | E16: =E15/12 -> 0.335 | F16: =F15/12 -> 0.3825 | G16: =G15/12 -> -0.92583333 | H16: =H15/12 -> 0.63166667 | I16: =I15/12 -> 0.15416667 | J16: =J15/12 -> 0.2025
B17: 2011 | C17: ANUAL (%) | D17: 2.73 | E17: 1.91 | F17: 4.92 | G17: 0 | H17: 9.56 | I17: 1.13 | J17: 2.83
C18: Prom. Mensual (%) | D18: =D17/12 -> 0.2275 | E18: =E17/12 -> 0.15916667 | F18: =F17/12 -> 0.41 | G18: =G17/12 -> 0 | H18: =H17/12 -> 0.79666667 | I18: =I17/12 -> 0.094166667 | J18: =J17/12 -> 0.23583333
B19: 2012 | C19: ANUAL (%) | D19: 5.64 | E19: -7.88 | F19: 11.75 | G19: 0 | H19: 1.97 | I19: 2.8 | J19: 10.65
C20: Prom. Mensual (%) | D20: =D19/12 -> 0.47 | E20: =E19/12 -> -0.65666667 | F20: =F19/12 -> 0.97916667 | G20: =G19/12 -> 0 | H20: =H19/12 -> 0.16416667 | I20: =I19/12 -> 0.23333333 | J20: =J19/12 -> 0.8875
B21: 2013 | C21: ANUAL (%) | D21: 1.08 | E21: 0.22 | F21: 3.29 | G21: 0 | H21: 9.13 | I21: 2.45 | J21: 4.76
C22: Prom. Mensual (%) | D22: =D21/12 -> 0.09 | E22: =E21/12 -> 0.018333333 | F22: =F21/12 -> 0.27416667 | G22: =G21/12 -> 0 | H22: =H21/12 -> 0.76083333 | I22: =I21/12 -> 0.20416667 | J22: =J21/12 -> 0.39666667
B23: 2014 | C23: ANUAL (%) | D23: -0.89 | E23: 11.99 | F23: 8.79 | G23: 0 | H23: 8.93 | I23: 5.55 | J23: 0.12
C24: Prom. Mensual (%) | D24: =D23/12 -> -0.074166667 | E24: =E23/12 -> 0.99916667 | F24: =F23/12 -> 0.7325 | G24: =G23/12 -> 0 | H24: =H23/12 -> 0.74416667 | I24: =I23/12 -> 0.4625 | J24: =J23/12 -> 0.01
B25: 2015 | C25: ANUAL (%) | D25: -1.22 | E25: 15.63 | F25: 3.94 | G25: 10.84 | H25: 14.63 | I25: 15.13 | J25: 4.13
C26: Prom. Mensual (%) | D26: =D25/12 -> -0.10166667 | E26: =E25/12 -> 1.3025 | F26: =F25/12 -> 0.32833333 | G26: =G25/12 -> 0.90333333 | H26: =H25/12 -> 1.2191667 | I26: =I25/12 -> 1.2608333 | J26: =J25/12 -> 0.34416667
B27: 2016 | C27: ANUAL (%) | D27: 11.16 | E27: 5.17 | F27: 1.22 | G27: 41.56 | H27: 6.51 | I27: 8.59 | J27: 6.2
C28: Prom. Mensual (%) | D28: =D27/12 -> 0.93 | E28: =E27/12 -> 0.43083333 | F28: =F27/12 -> 0.10166667 | G28: =G27/12 -> 3.4633333 | H28: =H27/12 -> 0.5425 | I28: =I27/12 -> 0.71583333 | J28: =J27/12 -> 0.51666667
B29: 2017 | C29: ANUAL (%) | D29: 2.85 | E29: 14.66 | F29: 3.75 | G29: 0 | H29: 13.85 | I29: 6.43 | J29: 1.2
C30: Prom. Mensual (%) | D30: =D29/12 -> 0.2375 | E30: =E29/12 -> 1.2216667 | F30: =F29/12 -> 0.3125 | G30: =G29/12 -> 0 | H30: =H29/12 -> 1.1541667 | I30: =I29/12 -> 0.53583333 | J30: =J29/12 -> 0.1
B31: 2018 | C31: ANUAL (%) | D31: 0.65 | E31: 3.76 | F31: 3.06 | G31: 0 | H31: -3.1 | I31: 2.4 | J31: -0.06
C32: Prom. Mensual (%) | D32: =D31/12 -> 0.054166667 | E32: =E31/12 -> 0.31333333 | F32: =F31/12 -> 0.255 | G32: =G31/12 -> 0 | H32: =H31/12 -> -0.25833333 | I32: =I31/12 -> 0.2 | J32: =J31/12 -> -0.005
B33: 2019 | C33: ANUAL (%) | D33: 0.72 | E33: 3.45 | F33: 3.14 | G33: 1.88 | H33: 6.15 | I33: 3.2 | J33: 1.72
C34: Prom. Mensual (%) | D34: =D33/12 -> 0.06 | E34: =E33/12 -> 0.2875 | F34: =F33/12 -> 0.26166667 | G34: =G33/12 -> 0.15666667 | H34: =H33/12 -> 0.5125 | I34: =I33/12 -> 0.26666667 | J34: =J33/12 -> 0.14333333
B35: 2020 | C35: ANUAL (%) | D35: 4.38 | E35: 9.81 | F35: 2.91 | G35: 0 | H35: 12.52 | I35: 5.08 | J35: 1.74
C36: Prom. Mensual (%) | D36: =D35/12 -> 0.365 | E36: =E35/12 -> 0.8175 | F36: =F35/12 -> 0.2425 | G36: =G35/12 -> 0 | H36: =H35/12 -> 1.0433333 | I36: =I35/12 -> 0.42333333 | J36: =J35/12 -> 0.145
B37: 2021 | C37: ANUAL (%) | D37: -1.77 | E37: 27.11 | F37: 1.19 | G37: 0 | H37: 32.74 | I37: 0.31 | J37: 18.96
C38: Prom. Mensual (%) | D38: =D37/12 -> -0.1475 | E38: =E37/12 -> 2.2591667 | F38: =F37/12 -> 0.099166667 | G38: =G37/12 -> 0 | H38: =H37/12 -> 2.7283333 | I38: =I37/12 -> 0.025833333 | J38: =J37/12 -> 1.58
B39: 2022 | C39: ANUAL (%) | D39: 11.01 | E39: 0.65 | F39: 8.54 | G39: 0 | H39: 8.14 | I39: 23.24 | J39: 10.46
C40: Prom. Mensual (%) | D40: =D39/12 -> 0.9175 | E40: =E39/12 -> 0.054166667 | F40: =F39/12 -> 0.71166667 | G40: =G39/12 -> 0 | H40: =H39/12 -> 0.67833333 | I40: =I39/12 -> 1.9366667 | J40: =J39/12 -> 0.87166667
B41: 2023 | C41: ANUAL (%) | D41: 2.6 | E41: 2.61 | F41: 9.11 | G41: 0 | H41: -4.21 | I41: 12.38 | J41: 7.65
C42: Prom. Mensual (%) | D42: =D41/12 -> 0.21666667 | E42: =E41/12 -> 0.2175 | F42: =F41/12 -> 0.75916667 | G42: =G41/12 -> 0 | H42: =H41/12 -> -0.35083333 | I42: =I41/12 -> 1.0316667 | J42: =J41/12 -> 0.6375
B43: 2024 | C43: ANUAL (%) | D43: -3.74 | E43: 4.13 | F43: 3.37 | G43: 0 | H43: 5.61 | I43: 5.01 | J43: 5
C44: Prom. Mensual (%) | D44: =D43/12 -> -0.31166667 | E44: =E43/12 -> 0.34416667 | F44: =F43/12 -> 0.28083333 | G44: =G43/12 -> 0 | H44: =H43/12 -> 0.4675 | I44: =I43/12 -> 0.4175 | J44: =J43/12 -> 0.41666667
B45: PROMEDIO | C45: ANUAL (%) | D45: =AVERAGE(D15,D17,D21,D23,D25,D27,D29,D31,D33,D35,D37,D39,D41,D43,D11,D13,D19,D9,D7,D5) -> 5.492 | E45: =AVERAGE(E15,E17,E21,E23,E25,E27,E29,E31,E33,E35,E37,E39,E41,E43,E11,E13,E19,E9,E7,E5) -> 5.778 | F45: =AVERAGE(F15,F17,F21,F23,F25,F27,F29,F31,F33,F35,F37,F39,F41,F43,F11,F13,F19,F9,F7,F5) -> 5.2065 | G45: =AVERAGE(G15,G17,G21,G23,G25,G27,G29,G31,G33,G35,G37,G39,G41,G43,G11,G13,G19,G9,G7,G5) -> 3.425 | H45: =AVERAGE(H15,H17,H21,H23,H25,H27,H29,H31,H33,H35,H37,H39,H41,H43,H11,H13,H19,H9,H7,H5) -> 8.8425 | I45: =AVERAGE(I15,I17,I21,I23,I25,I27,I29,I31,I33,I35,I37,I39,I41,I43,I11,I13,I19,I9,I7,I5) -> 6.603 | J45: =AVERAGE(J15,J17,J21,J23,J25,J27,J29,J31,J33,J35,J37,J39,J41,J43,J11,J13,J19,J9,J7,J5) -> 5.215
C46: Prom. Mensual (%) | D46: =AVERAGE(D16,D18,D22,D24,D26,D28,D30,D32,D34,D36,D38,D40,D42,D44,D12,D14,D20,D10,D8,D6) -> 0.45766667 | E46: =AVERAGE(E16,E18,E22,E24,E26,E28,E30,E32,E34,E36,E38,E40,E42,E44,E12,E14,E20,E10,E8,E6) -> 0.4815 | F46: =AVERAGE(F16,F18,F22,F24,F26,F28,F30,F32,F34,F36,F38,F40,F42,F44,F12,F14,F20,F10,F8,F6) -> 0.433875 | G46: =AVERAGE(G16,G18,G22,G24,G26,G28,G30,G32,G34,G36,G38,G40,G42,G44,G12,G14,G20,G10,G8,G6) -> 0.28541667 | H46: =AVERAGE(H16,H18,H22,H24,H26,H28,H30,H32,H34,H36,H38,H40,H42,H44,H12,H14,H20,H10,H8,H6) -> 0.736875 | I46: =AVERAGE(I16,I18,I22,I24,I26,I28,I30,I32,I34,I36,I38,I40,I42,I44,I12,I14,I20,I10,I8,I6) -> 0.55025 | J46: =AVERAGE(J16,J18,J22,J24,J26,J28,J30,J32,J34,J36,J38,J40,J42,J44,J12,J14,J20,J10,J8,J6) -> 0.43458333
B47: Fuente: | C47: Índice de costos de la construcción de CAMACOL
C49: FACTOR DE REAJUSTE MENSUAL | D49: =+D3 -> MC | E49: =+E3 -> CM | F49: =+F3 -> MOOP | G49: =+G3 -> TA | H49: =+H3 -> IHS | I49: =+I3 -> MM | J49: =+J3 -> PI
B50: PROMEDIO | C50: =SUM(D50:J50) -> #DIV/0! | D50: =D46*D4/100 -> #DIV/0! | E50: =E46*E4/100 -> #DIV/0! | F50: =F46*F4/100 -> #DIV/0! | G50: =G46*G4/100 -> #DIV/0! | H50: =H46*H4/100 -> #DIV/0! | I50: =I46*I4/100 -> #DIV/0! | J50: =J46*J4/100 -> #DIV/0!
B53: PAGO No. | C53: VALOR NETO | D53: FACTOR DE REAJUSTE | E53: VALOR DE REAJUSTE
B54: 1 | C54: =+'Flujo de caja '!D7 -> 0 | D54: =$C$50*B54 -> #DIV/0! | E54: =C54*D54 -> #DIV/0!
B55: 2 | C55: =+'Flujo de caja '!E7 -> 0 | D55: =$C$50*B55 -> #DIV/0! | E55: =C55*D55 -> #DIV/0!
B56: 3 | C56: =+'Flujo de caja '!F7 -> 0 | D56: =$C$50*B56 -> #DIV/0! | E56: =C56*D56 -> #DIV/0!
B57: 4 | C57: =+'Flujo de caja '!G7 -> 0 | D57: =$C$50*B57 -> #DIV/0! | E57: =C57*D57 -> #DIV/0!
B58: TOTALES | E58: =SUM(E54:E57) -> #DIV/0!
B59: VALOR COSTO DIRECTO DEL CONTRATO: | E59: =+'OFERTA ECONOMICA'!F99 -> 0
B60: % DE REAJUSTE | E60: =+E58/E59 -> #DIV/0!

Sheet Flujo de caja 
A1: FLUJO DE CAJA
A3: CONCEPTO | D3: MES 1 | E3: MES 2 | F3: MES 3 | G3: MES 4 | H3: MES 5 | I3: TOTAL PORCENTAJE | J3: TOTAL VALOR
A6: TOTALES PARCIALES (BRUTO) | C6: P | D6: 0.2 | E6: 0.3 | F6: 0.3 | G6: 0.2 | I6: =SUM(D6:G6) -> 1 | J6: =+'OFERTA ECONOMICA'!F99 -> 0
D7: =+$J$6*D6 -> 0 | E7: =+$J$6*E6 -> 0 | F7: =+$J$6*F6 -> 0 | G7: =+$J$6*G6 -> 0
A8: TOTALES ACUMULADOS (BRUTOS) | C8: P | D8: =+D6 -> 0.2 | E8: =+E6+D8 -> 0.5 | F8: =+F6+E8 -> 0.8 | G8: =+G6+F8 -> 1 | I8: =+G8 -> 1 | J8: =+J6 -> 0
D9: =+D7 -> 0 | E9: =+E7+D9 -> 0 | F9: =+F7+E9 -> 0 | G9: =+G7+F9 -> 0
A11: AMORTIZACIÓN ANTICIPO | B11: 0 | C11: P | D11: =+ROUND(D7*$B$11,0) -> 0 | E11: =+ROUND(E7*$B$11,0) -> 0 | F11: =+ROUND(F7*$B$11,0) -> 0 | I11: =+J11/J6 -> #DIV/0! | J11: =+SUM(D11:G11) -> 0
A13: TOTAL PARCIAL (NETO) | C13: P | D13: =+D14/$J$8 -> #DIV/0! | E13: =+E14/$J$8 -> #DIV/0! | F13: =+F14/$J$8 -> #DIV/0! | G13: =+G14/$J$8 -> #DIV/0! | I13: =SUM(D13:G13) -> #DIV/0! | J13: =SUM(D14:G14) -> 0
D14: =+D7-D11 -> 0 | E14: =+E7-E11 -> 0 | F14: =+F7-F11 -> 0 | G14: =+G7-G11 -> 0
A15: TOTAL ACUMULADO (NETO) | C15: P | D15: =+D13 -> #DIV/0! | E15: =+E13+D15 -> #DIV/0! | F15: =+F13+E15 -> #DIV/0! | G15: =+G13+F15 -> #DIV/0! | I15: =+G15 -> #DIV/0! | J15: =+G16 -> 0
D16: =+D14 -> 0 | E16: =+E14+D16 -> 0 | F16: =+F14+E16 -> 0 | G16: =+G14+F16 -> 0
A18: FLUJO DE PAGOS PARCIAL | C18: P | D18: 0 | E18: =+D7 -> 0 | F18: =+E7 -> 0 | G18: =+F7 -> 0 | H18: =+G7 -> 0 | J18: =SUM(E18:H18) -> 0
A19: FLUJO DE PAGOS ACUMULADO | D19: 0 | E19: =+E18 -> 0 | F19: =+F18+E19 -> 0 | G19: =+G18+F19 -> 0 | H19: =+H18+G19 -> 0 | J19: =+H19 -> 0
